 Dungeon Crawl Stone Soup version 0.29.1-1-gd02db6906a (webtiles) character file.

Game seed: 13627906256351196567

1599536 sleeves the Evocator (level 27, 220/220 HPs)
             Began as a Djinni Fighter on Sept 17, 2022.
             Was the Champion of Ashenzari.
             Escaped with the Orb
             ... and 3 runes on Sept 18, 2022!
             The game lasted 08:04:28 (77814 turns).

sleeves the Evocator (Djinni Fighter)              Turns: 77814, Time: 08:04:28

Health: 220/220    AC: 36    Str: 10    XL:     27
Gold:   9476       EV: 18    Int: 23    God:    Ashenzari [******] SH: 30 Dex: 24

rFire   + + +      SeeInvis +   C - +9 quick blade "Thunder Perfect Mind" {distort, Fort, Melee} (curse)
rCold   + + +      Faith    .   X - +2 tower shield of the Unyielding Gaze {rC+, Self, Cun} (curse)
rNeg    + + .      Spirit   .   n - +8 ice dragon scales of Ashenzari's Burden {rF- rC++, Range, Fort} (curse)
rPois   ∞          Reflect  .   q - +2 hat of Ashenzari's Portent {Stlth+, Fort, Cun} (curse)
rElec   .          Harm     .   S - scarf of Panopticon {rC+ rF+, Self, Fort} (curse)
rCorr   .          Rampage  .   Y - +0 pair of gloves of the Eternal Vision {Drain Regen+ Dex+6, Self, Fort} (curse)
Will    ++++.      Clarity  +   (boots unavailable)
Stlth   +++.......              U - amulet "All-seeing Yoke" {Regen+, Fort, Cun} (curse)
HPRegen 2.06/turn               c - ring "Jealousy of Ashenzari" {rN+ Will++, Self, Evo} (curse)
MPRegen 0.00/turn               A - ring of the Ensconced Vexation {rF+ rN+ AC+4 Str-5 Dex+4, Self, Cun} (curse)

@: flying, hasted, studying Long Blades, very quick
A: sickness immunity, fire resistance 2, cold vulnerability 1, float, innate
caster, HP casting, extra vitality 1
0: Orb of Zot
}: 3/15 runes: decaying, slimy, gossamer
a: Renounce Religion, Shatter the Chains


You escaped.
You worshipped Ashenzari.
Ashenzari was exalted by your worship.
You visited 12 branches of the dungeon, and saw 55 of its levels.
You also visited: Ice Cave.

You collected 9858 gold pieces.
You spent 382 gold pieces at shops.

Inventory:

Hand Weapons
 a - a +10 dagger of freezing
   (You subdued it on level 2 of the Elven Halls)
 C - the cursed +9 quick blade "Thunder Perfect Mind" (weapon) {distort, Fort, Melee}
   (You subdued it on level 2 of the Elven Halls)

   It warps and distorts space around it, and may blink, banish, or inflict
   extra damage upon those it strikes.
   Unwielding it can cause banishment or high damage.
   It has a curse which improves the following skills: Fortitude: Armour and
   Shields.
   Melee Combat: Short Blades, Long Blades, Axes, Maces & Flails, Polearms,
   Staves and Unarmed Combat.
 N - the +7 Singing Sword {vorpal, sonic wave}
   (You found it on level 5 of the Pits of Slime)

   It inflicts extra damage upon your enemies.
   It radiates damaging sonic waves as it strikes, especially in combat
   involving dangerous or numerous foes.
Armour
 n - the cursed +8 ice dragon scales of Ashenzari's Burden (worn) {rF- rC++, Range, Fort}
   (You found it on level 4 of the Depths)

   rF:        It makes you vulnerable to fire.
   rC:        It greatly protects you from cold.
   It has a curse which improves the following skills: Ranged Combat: Ranged
   Weapons and Throwing.
   Fortitude: Armour and Shields.
 q - the cursed +2 hat of Ashenzari's Portent (worn) {Stlth+, Fort, Cun}
   (You found it in an ice cave)

   It has a curse which improves the following skills: Fortitude: Armour and
   Shields.
   Cunning:   Dodging and Stealth.
 P - a +2 cloak of preservation
   (You took it off Nikola on level 2 of the Spider Nest)
 S - the cursed scarf of Panopticon (worn) {rC+ rF+, Self, Fort}
   (You found it on level 10 of the Dungeon)

   It has a curse which improves the following skills: Introspection: Fighting
   and Spellcasting.
   Fortitude: Armour and Shields.
 X - the cursed +2 tower shield of the Unyielding Gaze (worn) {rC+, Self, Cun}
   (You found it in an ice cave)

   It has a curse which improves the following skills: Introspection: Fighting
   and Spellcasting.
   Cunning:   Dodging and Stealth.
 Y - the cursed +0 pair of gloves of the Eternal Vision (worn) {Drain Regen+ Dex+6, Self, Fort}
   (You found it on level 5 of the Pits of Slime)

   Dex:       It affects your dexterity (+6).
   Regen:     It increases your rate of health regeneration.
   Drain:     It drains your maximum health when unequipped.
   It has a curse which improves the following skills: Introspection: Fighting
   and Spellcasting.
   Fortitude: Armour and Shields.
Magical Staves
 b - a staff of fire
   (You found it on level 15 of the Dungeon)
Jewellery
 c - the cursed ring "Jealousy of Ashenzari" (left hand) {rN+ Will++, Self, Evo}
   (You found it on level 3 of the Crypt)

   [ring of positive energy]

   rN:        It protects you from negative energy.
   Will:      It greatly increases your willpower.
   It has a curse which improves the following skills: Introspection: Fighting
   and Spellcasting.
   Evocations: Evocations.
 i - a ring of positive energy
   (You took it off a vampire knight on level 3 of the Swamp)
 A - the cursed ring of the Ensconced Vexation (right hand) {rF+ rN+ AC+4 Str-5 Dex+4, Self, Cun}
   (You took it off a deep elf demonologist on level 3 of the Elven Halls)

   [ring of protection]

   AC:        It affects your AC (+4).
   Str:       It affects your strength (-5).
   Dex:       It affects your dexterity (+4).
   rF:        It protects you from fire.
   rN:        It protects you from negative energy.
   It has a curse which improves the following skills: Introspection: Fighting
   and Spellcasting.
   Cunning:   Dodging and Stealth.
 D - the ring of Adegypro {rPois rCorr SInv}
   (You found it on level 1 of the Vaults)

   [ring of poison resistance]

   rPois:     It protects you from poison.
   SInv:      It lets you see invisible.
   rCorr:     It protects you from acid and corrosion.
 T - a ring of resist corrosion
   (You found it on level 5 of the Lair of Beasts)
 U - the cursed amulet "All-seeing Yoke" (around neck) {Regen+, Fort, Cun}
   (You found it on level 12 of the Dungeon)

   [amulet of regeneration]

   Regen:     It increases your rate of health regeneration.
   It has a curse which improves the following skills: Fortitude: Armour and
   Shields.
   Cunning:   Dodging and Stealth.
Wands
 d - a wand of light (23)
   (You found it on level 2 of the Elven Halls)
 l - a wand of polymorph (17)
   (You found it on level 9 of the Dungeon)
 x - a wand of paralysis (37)
   (You found it on level 3 of the Swamp)
 y - a wand of mindburst (31)
   (You found it on level 1 of the Lair of Beasts)
 E - a wand of iceblast (49)
   (You found it on level 8 of the Dungeon)
 R - a wand of digging (3)
   (You found it on level 5 of the Pits of Slime)
Scrolls
 e - 2 scrolls of blinking
 g - 11 scrolls of immolation
 h - a scroll of brand weapon
 j - 4 scrolls of silence
 k - 4 scrolls of magic mapping
 v - 9 scrolls of vulnerability
 w - a scroll of enchant armour
 H - 9 scrolls of poison
 I - 18 scrolls of teleportation
 O - 6 scrolls of fear
 W - 7 scrolls of butterflies
Potions
 f - 7 potions of brilliance
 o - a potion of haste
 u - 3 potions of resistance
 z - 22 potions of curing
 B - a potion of invisibility
 F - 11 potions of mutation
 G - 9 potions of might
 K - 7 potions of ambrosia
 L - 7 potions of cancellation
 M - 14 potions of heal wounds
 Q - 4 potions of berserk rage
Miscellaneous
 m - a phantom mirror
   (You found it on level 2 of the Depths)
 p - a box of beasts
   (You found it on level 2 of the Swamp)
 r - a condenser vane
   (You found it on level 10 of the Dungeon)
 s - a tin of tremorstones (2/2)
   (You found it on level 1 of the Swamp)
 t - a phial of floods
   (You found it on level 10 of the Dungeon)
 J - a lightning rod (4/4)
   (You found it on level 3 of the Elven Halls)


   Skills:
 + Level 17.9(24.9) Fighting
 - Level 14.1(16.6) Long Blades
 - Level 21.9(27) Armour
 - Level 8.8(14.9) Dodging
 - Level 15.3(21.4) Stealth
 - Level 19.1(27) Shields
 - Level 20.6(27) Spellcasting
 + Level 22.6(24.8) Evocations


You had 9 spell levels left.
You knew the following spells:

 Your Spells              Type           Power      Damage    Failure   Level
a - Foxfire               Conj/Fire      100%       2x1d9     0%          1
b - Scorch                Fire           100%       2d10      0%          2
c - Gell's Gravitas       Tloc           100%       N/A       0%          3
d - Sticky Flame          Conj/Fire      100%       2d11      0%          4
e - Passage of Golubria   Tloc           100%       N/A       0%          4
f - Fireball              Conj/Fire      50%        3d20      0%          5
g - Statue Form           Tmut/Erth      67%        N/A       0%          6
h - Summon Hydra          Summ           50%        N/A       1%          7
i - Storm Form            Tmut/Air       50%        N/A       1%          7
j - Enfeeble              Hex            50%        N/A       1%          7
k - Lehudib's Crystal Sp  Conj/Erth      50%        10d12     1%          8
l - Maxwell's Capacitive  Air            50%        ∞         1%          8
m - Death's Door          Necr           50%        N/A       4%          9
Your spell library was empty.

Dungeon Overview and Level Annotations

Branches:
Dungeon (15/15)            Temple (1/1) D:6            Lair (5/5) D:9
  Swamp (4/4) Lair:2       Spider (4/4) Lair:2        Slime (5/5) Lair:4
    Orc (2/2) D:9             Elf (3/3) Orc:2        Vaults (4/5) D:13
  Crypt (3/3) Vaults:3       Tomb (0/3) Crypt:3      Depths (4/4) D:15
    Zot (5/5) Depths:4      IceCv (visited)

Altars:
Ashenzari
Cheibriados
Dithmenos
Elyvilon
Fedhas
Gozag
Hepliaklqana
Makhleb
Nemelex Xobeh
Okawaru
Qazlal
Ru
Trog
Uskayaw
Wu Jian
Xom
Yredelemnul
Zin
The Shining One
Jiyva

Shops:
D:3 *   D:8 [   D:11 (   Orc:2 [(*?   Elf:1 [   Elf:2 :   Vaults:1 *
Vaults:2 *   Depths:2 [([

Portals:
Hell: Depths:1 Depths:2 Depths:3 Depths:4
Abyss: Depths:1 Depths:2 Depths:3
Pandemonium: Depths:2 Depths:4
Ziggurat: Depths:4

Annotations:
Lair:5 1 exclusion
Spider:1 exclusion: downstairs
Spider:3 exclusion: downstairs
Orc:2 2 transporters, greynaab's ghost, journeyman KoBe
Elf:1 Roxanne
Elf:3 1 runed translucent door, exclusion: door, Soammui's ghost, adept MiBe
Vaults:1 exclusion: downstairs
Vaults:2 2 transporters, Ukiefoc's ghost, adept DrFE
Depths:2 1 exclusion


Innate Abilities, Weirdness & Mutations

You are immune to sickness and miasma.
You are immune to poison.
Your flesh is very heat resistant. (rF++)
You are vulnerable to cold. (rC-)
You float through the air rather than walking.
You learn spells naturally, not from books.
Your magical power is your life essence.
You have superior vitality. (+4 MHP)


Message History

The white draconian roars!
You puncture the Killer Klown!
Space warps around the Killer Klown.
The Killer Klown is moderately wounded.
Your five-headed hydra bites the Killer Klown.
Your five-headed hydra bites the Killer Klown!
Your five-headed hydra barely misses the Killer Klown.
Your five-headed hydra closely misses the Killer Klown. x2
Your eight-headed hydra bites the Killer Klown!
Your eight-headed hydra closely misses the Killer Klown.
Your eight-headed hydra bites the Killer Klown!
Your eight-headed hydra closely misses the Killer Klown.
Your eight-headed hydra bites the Killer Klown!!
Your eight-headed hydra closely misses the Killer Klown.
Your eight-headed hydra bites the Killer Klown but does no damage.
Your eight-headed hydra closely misses the Killer Klown.
You hit the Killer Klown.
Space warps horribly around the Killer Klown!
The Killer Klown is almost dead.
You puncture the Killer Klown!
The Killer Klown is almost dead.
The Killer Klown blinks! x2
You hit the Killer Klown.
Space warps horribly around the Killer Klown!!
You kill the Killer Klown!
Okay, then.
You block the white draconian's attack.
Your eight-headed hydra disappears in a puff of smoke!
You block the white draconian's attack.
You hit the white draconian but do no damage.
Space warps around the white draconian.
The white draconian is lightly wounded.
Casting: Enfeeble (safe; 1% risk of failure)
Confirm with . or Enter, or press ? or * to list all spells.
Aiming: Enfeeble (safe; 1% risk of failure)
Press: ? - help, Shift-Dir - straight line, f - white draconian
Aim: a white draconian, wielding a +0 glaive (lightly wounded, ally target, will inflict weakness, chance to daze and blind: 99%)
The white draconian is enfeebled!
You hear a roar!
You block the white draconian's attack.
You strike the helpless white draconian from behind!
You stick the white draconian like a pincushion!!!
Space warps around the white draconian.
The white draconian is heavily wounded.
The white draconian stormcaller calls down the wrath of Qazlal upon you.
Qazlal smites you!
The white draconian is lost in a daze.
You barely miss the white draconian.
The white draconian is heavily wounded.
You hit the white draconian.
Space warps around the white draconian.
The white draconian is severely wounded.
You barely miss the white draconian.
The white draconian is severely wounded.
The white draconian misses you.
Your five-headed hydra bites the white draconian.
Your five-headed hydra closely misses the white draconian.
Your five-headed hydra bites the white draconian!
Your five-headed hydra bites the white draconian but does no damage.
Your five-headed hydra bites the white draconian!
You completely miss the white draconian.
The white draconian is almost dead.
You strike the helpless white draconian from behind!
You stick the white draconian like a pincushion!!!
You kill the white draconian!
Casting: Enfeeble (safe; 1% risk of failure)
Confirm with . or Enter, or press ? or * to list all spells.
Aiming: Enfeeble (safe; 1% risk of failure)
Press: ? - help, Shift-Dir - straight line, f - white draconian stormcaller
Aim: a white draconian stormcaller, wielding a +0 short sword and wearing a +0 cloak (will inflict weakness, chance to daze and blind: 99%)
The white draconian stormcaller is enfeebled!
A yellow draconian comes into view.
It is wielding a +2 short sword of protection.
Casting: Enfeeble (safe; 1% risk of failure)
Confirm with . or Enter, or press ? or * to list all spells.
An eight-headed hydra appears.
Your five-headed hydra disappears in a puff of smoke!
The white draconian stormcaller prays to Qazlal.
What are your orders? t - Shout!
Orders for allies: a - Attack new target. p - Attack previous target. r - Retreat! s - Stop attacking. g - Guard the area. f - Follow me.
Anything else - Cancel.
Gang up on whom?
Press: ? - help, Dir - move target, f/p - white draconian stormcaller
Aim: a white draconian stormcaller, wielding a +0 short sword and wearing a +0 cloak (blind, dazed, weak, ally target) Attack!
You can drink potions again.
The white draconian stormcaller is lost in a daze.
The rime drake barely misses you.
Things that are here:
a +0 glaive; a +0 dire flail; a white draconian corpse You strike the helpless white draconian stormcaller from behind!
You stick the white draconian stormcaller like a pincushion!!!
Space warps horribly around the white draconian stormcaller!
The white draconian stormcaller is severely wounded.
The white draconian stormcaller breathes frost at you.
The blast of cold hits you but does no damage.
You hit the white draconian stormcaller.
Space warps around the white draconian stormcaller.
The white draconian stormcaller is almost dead.
You block the rime drake's attack.
You closely miss the white draconian stormcaller.
The white draconian stormcaller is almost dead.
You strike the helpless white draconian stormcaller from behind!
You spit the white draconian stormcaller like a pig!!!
You kill the white draconian stormcaller!
The rime drake disappears in a puff of smoke!
The lindwurm disappears in a puff of smoke!
Casting: Summon Hydra (safe; 1% risk of failure)
Confirm with . or Enter, or press ? or * to list all spells.
Aiming: Enfeeble (safe; 1% risk of failure)
Press: ? - help, Shift-Dir - straight line, f - yellow draconian
Aim: a yellow draconian, wielding a +2 short sword of protection (ally target, will inflict weakness, chance to daze and blind: 99%)
The yellow draconian is enfeebled!
The yellow draconian is lost in a daze.
Things that are here:
a +0 short sword; a +0 cloak; a storm dragon corpse The yellow draconian is lost in a daze.
Your eight-headed hydra barely misses the yellow draconian.
Your eight-headed hydra misses the yellow draconian.
Your eight-headed hydra barely misses the yellow draconian.
Your eight-headed hydra bites the yellow draconian!
Your eight-headed hydra barely misses the yellow draconian. x2
Your eight-headed hydra bites the yellow draconian but does no damage.
Your eight-headed hydra bites the yellow draconian.
You puncture the yellow draconian!
The yellow draconian is moderately wounded.
The yellow draconian blinks!
What are your orders? t - Shout!
Orders for allies: a - Attack new target. p - Attack previous target. r - Retreat! s - Stop attacking. g - Guard the area. f - Follow me.
Anything else - Cancel.
Gang up on whom?
Press: ? - help, Dir - move target, f/p - yellow draconian
Aim: a yellow draconian, wielding a +2 short sword of protection (lightly wounded, blind, dazed, weak) Attack!
Your eight-headed hydra disappears in a puff of smoke!
Casting: Enfeeble (safe; 1% risk of failure)
Confirm with . or Enter, or press ? or * to list all spells.
A four-headed hydra appears.
The yellow draconian roars!
Casting: Summon Hydra (safe; 1% risk of failure)
Confirm with . or Enter, or press ? or * to list all spells.
A 12-headed hydra appears.
The storm dragon roars deafeningly!
You swap places.
Things that are here:
a +0 short sword; a +0 cloak; a storm dragon corpse You swap places.
You swap places.
Things that are here:
a +0 short sword; a +0 cloak; a storm dragon corpse
Casting: Summon Hydra (safe; 1% risk of failure)
Confirm with . or Enter, or press ? or * to list all spells.
You can't see any susceptible monsters within range! (Use Z to cast anyway.) Unknown command.
The yellow draconian is no longer dazed.
The yellow draconian is no longer blind.
The yellow draconian is no longer weakened.
The storm dragon breathes lightning at you.
The bolt of lightning misses you.
The bolt of lightning hits your 12-headed hydra!!
The bolt of lightning hits your 12-headed hydra!!!
Things that are here:
a +0 long sword; 24 gold pieces; a white draconian corpse
Casting: Summon Hydra (safe; 1% risk of failure)
Confirm with . or Enter, or press ? or * to list all spells.
Aiming: Enfeeble (safe; 1% risk of failure)
Press: ? - help, Shift-Dir - straight line, f - storm dragon, p - yellow draconian
Aim: a storm dragon (ally target, will inflict weakness, chance to daze and blind: 73%)
The storm dragon is enfeebled!
Your four-headed hydra barely misses the storm dragon.
Your four-headed hydra bites the storm dragon.
Your four-headed hydra bites the storm dragon but does no damage.
Your four-headed hydra bites the storm dragon!
The storm dragon is lost in a daze.
You strike the helpless storm dragon from behind!
You spit the storm dragon like a pig!!!
Space warps horribly around the storm dragon!
The storm dragon is almost dead.
Your four-headed hydra bites the storm dragon but does no damage.
Your four-headed hydra bites the storm dragon!
Your four-headed hydra bites the storm dragon but does no damage.
Your four-headed hydra misses the storm dragon.
You catch the helpless storm dragon completely off-guard!
You stick the storm dragon like a pincushion!!!
You kill the storm dragon!
Your four-headed hydra disappears in a puff of smoke!
Casting: Enfeeble (safe; 1% risk of failure)
Confirm with . or Enter, or press ? or * to list all spells.
Aiming: Enfeeble (safe; 1% risk of failure)
Press: ? - help, Shift-Dir - straight line, f - yellow draconian
Aim: a yellow draconian, wielding a +2 short sword of protection (lightly wounded, ally target, will inflict weakness, chance to daze and blind: 99%)
The yellow draconian is enfeebled!
The yellow draconian is lost in a daze.
The yellow draconian spits acid at you. The glob of acid hits you!
You hit the yellow draconian but do no damage.
The yellow draconian is devoured by a tear in reality.
You swap places.
An Orb Guardian comes into view.
Your 12-headed hydra disappears in a puff of smoke!
Things that are here:
a +0 short sword; a +0 cloak; a storm dragon corpse
Things that are here:
a +0 glaive; a +0 dire flail; a white draconian corpse Really fly into that net trap? [Y]es or [N]o only, please.
Really fly into that net trap? [Y]es or [N]o only, please.
Really fly into that net trap?
Okay, then.
You start resting.
HP restored.
Things that are here:
a +0 glaive; a +0 dire flail; a white draconian corpse
Things that are here:
a +0 short sword; a +0 cloak; a storm dragon corpse You now have 9476 gold pieces (gained 24).
Things that are here:
a +0 long sword; a white draconian corpse Really fly into that permanent teleport trap? [Y]es or [N]o only, please.
Really fly into that permanent teleport trap?
Okay, then.
A ghost moth is nearby!
You strike the helpless ghost moth from behind!
You spit the ghost moth like a pig!!!
Space warps around the ghost moth.
The ghost moth is almost dead.
The ghost moth stares at you. You block the ghost moth's attack.
The ghost moth hits you but does no damage.
The ghost moth stings you but does no damage.
You hit the ghost moth but do no damage.
The ghost moth is almost dead.
The ghost moth blinks!
You puncture the ghost moth!
You kill the ghost moth!
An Orb Guardian comes into view. x2
Casting: Enfeeble (safe; 1% risk of failure)
Confirm with . or Enter, or press ? or * to list all spells.
An eight-headed hydra appears.
Casting: Summon Hydra (safe; 1% risk of failure)
Confirm with . or Enter, or press ? or * to list all spells.
A four-headed hydra appears.
You block the Orb Guardian's attack.
Your eight-headed hydra bites the Orb Guardian.
Your eight-headed hydra misses the Orb Guardian.
Your eight-headed hydra bites the Orb Guardian.
Your eight-headed hydra closely misses the Orb Guardian. x2
Your eight-headed hydra bites the Orb Guardian but does no damage.
Your eight-headed hydra misses the Orb Guardian.
Your eight-headed hydra bites the Orb Guardian!
You catch the helpless Orb Guardian completely off-guard!
You perforate the Orb Guardian like a sieve!!!
Space warps around the Orb Guardian.
The Orb Guardian is almost dead.
You hit the Orb Guardian but do no damage.
Space warps around the Orb Guardian.
You kill the Orb Guardian!
Casting: Summon Hydra (safe; 1% risk of failure)
Confirm with . or Enter, or press ? or * to list all spells.
Aiming: Enfeeble (safe; 1% risk of failure)
Press: ? - help, Shift-Dir - straight line, f - Orb Guardian
Aim: an Orb Guardian (ally target, will inflict weakness, chance to daze and blind: 57%)
The Orb Guardian partially resists.
The Orb Guardian is enfeebled!
Your eight-headed hydra bites the Orb Guardian!
Your eight-headed hydra bites the Orb Guardian.
Your eight-headed hydra bites the Orb Guardian but does no damage.
Your eight-headed hydra closely misses the Orb Guardian.
Your eight-headed hydra bites the Orb Guardian.
Your eight-headed hydra bites the Orb Guardian! x2
Your eight-headed hydra completely misses the Orb Guardian.
The Orb Guardian hits your eight-headed hydra!
You block the Orb Guardian's attack.
You hit the Orb Guardian but do no damage.
The Orb Guardian is heavily wounded.
The Orb Guardian blinks!
You hit the Orb Guardian but do no damage.
Space warps horribly around the Orb Guardian!
The Orb Guardian is severely wounded.
You hit the Orb Guardian.
Space warps horribly around the Orb Guardian!
The Orb Guardian is almost dead.
You block the Orb Guardian's attack.
You hit the Orb Guardian.
Space warps horribly around the Orb Guardian!
You kill the Orb Guardian!
You swap places.
An Orb Guardian comes into view.
Your eight-headed hydra disappears in a puff of smoke!
You swap places.
Your four-headed hydra disappears in a puff of smoke!
Casting: Enfeeble (safe; 1% risk of failure)
Confirm with . or Enter, or press ? or * to list all spells.
Aiming: Enfeeble (safe; 1% risk of failure)
Press: ? - help, Shift-Dir - straight line, f - Orb Guardian
Aim: an Orb Guardian (will inflict weakness, chance to daze and blind: 57%)
The Orb Guardian is enfeebled!
The Orb Guardian hits you.
Casting: Enfeeble (safe; 1% risk of failure)
Confirm with . or Enter, or press ? or * to list all spells.
A five-headed hydra appears.
You block the Orb Guardian's attack.
Casting: Summon Hydra (safe; 1% risk of failure)
Confirm with . or Enter, or press ? or * to list all spells.
A ten-headed hydra appears.
You block the Orb Guardian's attack.
An Orb Guardian comes into view.
You block the Orb Guardian's attack. x2
Casting: Summon Hydra (safe; 1% risk of failure)
Confirm with . or Enter, or press ? or * to list all spells.
Aiming: Enfeeble (safe; 1% risk of failure)
Press: ? - help, Shift-Dir - straight line, f - Orb Guardian, p - Orb Guardian
Aim: an Orb Guardian (ally target, will inflict weakness, chance to daze and blind: 57%)
The Orb Guardian partially resists.
The Orb Guardian is enfeebled!
The Orb Guardian hits you but does no damage.
You block the Orb Guardian's attack. The Orb Guardian hits you.
Your ten-headed hydra bites the Orb Guardian but does no damage.
Your ten-headed hydra bites the Orb Guardian.
Your ten-headed hydra bites the Orb Guardian!
Your ten-headed hydra bites the Orb Guardian.
Your ten-headed hydra bites the Orb Guardian!
Your ten-headed hydra misses the Orb Guardian. x2
Your ten-headed hydra bites the Orb Guardian but does no damage.
Your ten-headed hydra bites the Orb Guardian!
Your ten-headed hydra bites the Orb Guardian.
Your five-headed hydra closely misses the Orb Guardian.
Your five-headed hydra bites the Orb Guardian!
Your five-headed hydra bites the Orb Guardian but does no damage. x3
You completely miss the Orb Guardian.
The Orb Guardian is heavily wounded.
The Orb Guardian is lost in a daze.
You puncture the Orb Guardian!
The Orb Guardian is severely wounded.
The Orb Guardian blinks!
You catch the helpless Orb Guardian completely off-guard!
You impale the Orb Guardian!!
Space warps around the Orb Guardian.
The Orb Guardian is heavily wounded.
You closely miss the Orb Guardian.
The Orb Guardian is heavily wounded.
You block the Orb Guardian's attack.
Your five-headed hydra bites the Orb Guardian!
Your five-headed hydra completely misses the Orb Guardian.
Your five-headed hydra bites the Orb Guardian.
Your five-headed hydra bites the Orb Guardian!!
Your five-headed hydra bites the Orb Guardian!
You hit the Orb Guardian but do no damage.
Space warps around the Orb Guardian.
You kill the Orb Guardian!
You block the Orb Guardian's attack.
Your ten-headed hydra barely misses the Orb Guardian. x2
Your ten-headed hydra misses the Orb Guardian.
Your ten-headed hydra bites the Orb Guardian.
Your ten-headed hydra bites the Orb Guardian!
Your ten-headed hydra bites the Orb Guardian.
Your ten-headed hydra closely misses the Orb Guardian.
Your ten-headed hydra bites the Orb Guardian but does no damage.
Your ten-headed hydra bites the Orb Guardian!
The Orb Guardian dies!
Your five-headed hydra bites the Orb Guardian but does no damage. x2
Your five-headed hydra completely misses the Orb Guardian.
Your five-headed hydra bites the Orb Guardian!
Your five-headed hydra closely misses the Orb Guardian.
The Orb Guardian hits you!
You barely miss the Orb Guardian.
The Orb Guardian is lightly wounded.
You hit the Orb Guardian.
The Orb Guardian is devoured by a tear in reality.
Your five-headed hydra disappears in a puff of smoke!
An Orb Guardian comes into view.
Your ten-headed hydra disappears in a puff of smoke!
Casting: Enfeeble (safe; 1% risk of failure)
Confirm with . or Enter, or press ? or * to list all spells.
A six-headed hydra appears.
Casting: Summon Hydra (safe; 1% risk of failure)
Confirm with . or Enter, or press ? or * to list all spells.
A six-headed hydra appears.
Casting: Summon Hydra (safe; 1% risk of failure)
Confirm with . or Enter, or press ? or * to list all spells.
Aiming: Enfeeble (safe; 1% risk of failure)
Press: ? - help, Shift-Dir - straight line, f - Orb Guardian
Aim: an Orb Guardian (ally target, will inflict weakness, chance to daze and blind: 57%)
The Orb Guardian is enfeebled!
The Orb Guardian is lost in a daze.
Your six-headed hydra barely misses the Orb Guardian.
Your six-headed hydra bites the Orb Guardian!
Your six-headed hydra bites the Orb Guardian but does no damage.
Your six-headed hydra barely misses the Orb Guardian. x2
Your six-headed hydra bites the Orb Guardian.
You block the Orb Guardian's attack.
You puncture the Orb Guardian!
Space warps around the Orb Guardian.
The Orb Guardian is moderately wounded.
You hit the Orb Guardian.
The Orb Guardian is devoured by a tear in reality.
An Orb Guardian comes into view.
You swap places.
Your six-headed hydra disappears in a puff of smoke!
Casting: Enfeeble (safe; 1% risk of failure)
Confirm with . or Enter, or press ? or * to list all spells.
Aiming: Enfeeble (safe; 1% risk of failure)
Press: ? - help, Shift-Dir - straight line, f - Orb Guardian
Aim: an Orb Guardian (ally target, will inflict weakness, chance to daze and blind: 57%)
The Orb Guardian is enfeebled!
An Orb Guardian comes into view.
You strike the helpless Orb Guardian from behind!
You skewer the Orb Guardian like a kebab!!!
The Orb Guardian is heavily wounded.
You puncture the Orb Guardian!
Space warps around the Orb Guardian.
The Orb Guardian is almost dead.
Your six-headed hydra bites the Orb Guardian!
Your six-headed hydra bites the Orb Guardian but does no damage.
Your six-headed hydra bites the Orb Guardian!
The Orb Guardian dies!
Your six-headed hydra disappears in a puff of smoke!
Casting: Enfeeble (safe; 1% risk of failure)
Confirm with . or Enter, or press ? or * to list all spells.
Aiming: Enfeeble (safe; 1% risk of failure)
Press: ? - help, Shift-Dir - straight line, f - Orb Guardian
Aim: an Orb Guardian (will inflict weakness, chance to daze and blind: 57%)
The Orb Guardian is enfeebled!
Casting: Enfeeble (safe; 1% risk of failure)
Confirm with . or Enter, or press ? or * to list all spells.
A four-headed hydra appears.
The Orb Guardian is lost in a daze.
You hit the Orb Guardian but do no damage.
You puncture the Orb Guardian!
The Orb Guardian is lightly wounded.
The Orb Guardian blinks!
You hit the Orb Guardian but do no damage.
The Orb Guardian is lightly wounded.
You hit the Orb Guardian but do no damage.
Space warps around the Orb Guardian.
The Orb Guardian is lightly wounded.
The Orb Guardian hits you.
You hit the Orb Guardian but do no damage.
Space warps around the Orb Guardian.
The Orb Guardian is moderately wounded.
You catch the helpless Orb Guardian completely off-guard!
You stick the Orb Guardian like a pincushion!!!
Space warps horribly around the Orb Guardian!
The Orb Guardian is almost dead.
You block the Orb Guardian's attack.
You hit the Orb Guardian but do no damage.
The Orb Guardian is almost dead.
You puncture the Orb Guardian!
You kill the Orb Guardian!
Found the Orb of Zot and a scroll of fear.
Your four-headed hydra disappears in a puff of smoke!
An Orb Guardian comes into view.
An Orb Guardian comes into view.
Found 4 stones.
Casting: Summon Hydra (safe; 1% risk of failure)
Confirm with . or Enter, or press ? or * to list all spells.
An eight-headed hydra appears.
Casting: Summon Hydra (safe; 1% risk of failure)
Confirm with . or Enter, or press ? or * to list all spells.
A five-headed hydra appears.
Casting: Summon Hydra (safe; 1% risk of failure)
Confirm with . or Enter, or press ? or * to list all spells.
You don't know that spell.
Your eight-headed hydra barely misses the Orb Guardian. x2
Your eight-headed hydra bites the Orb Guardian but does no damage.
Your eight-headed hydra bites the Orb Guardian!
Your eight-headed hydra bites the Orb Guardian but does no damage.
Your eight-headed hydra misses the Orb Guardian.
Your eight-headed hydra bites the Orb Guardian but does no damage.
Your eight-headed hydra misses the Orb Guardian.
Casting: Summon Hydra (safe; 1% risk of failure)
Confirm with . or Enter, or press ? or * to list all spells.
Aiming: Enfeeble (safe; 1% risk of failure)
Press: ? - help, Shift-Dir - straight line, f - Orb Guardian
Aim: an Orb Guardian (lightly wounded, ally target, will inflict weakness, chance to daze and blind: 57%)
The Orb Guardian partially resists.
The Orb Guardian is enfeebled!
You block the Orb Guardian's attack.
Your eight-headed hydra completely misses the Orb Guardian.
Your eight-headed hydra bites the Orb Guardian but does no damage. x2
Your eight-headed hydra bites the Orb Guardian.
Your eight-headed hydra misses the Orb Guardian.
Your eight-headed hydra bites the Orb Guardian but does no damage.
Your eight-headed hydra completely misses the Orb Guardian.
Your eight-headed hydra bites the Orb Guardian but does no damage.
You closely miss the Orb Guardian.
The Orb Guardian is lightly wounded.
You block the Orb Guardian's attack.
Casting: Enfeeble (safe; 1% risk of failure)
Confirm with . or Enter, or press ? or * to list all spells.
Aiming: Enfeeble (safe; 1% risk of failure)
Press: ? - help, Shift-Dir - straight line, f - Orb Guardian, p - Orb Guardian
Aim: an Orb Guardian (will inflict weakness, chance to daze and blind: 57%)
The Orb Guardian is enfeebled!
The Orb Guardian misses you. You block the Orb Guardian's attack.
Your eight-headed hydra bites the Orb Guardian!
Your eight-headed hydra bites the Orb Guardian.
Your eight-headed hydra bites the Orb Guardian but does no damage.
Your eight-headed hydra bites the Orb Guardian! x2
Your eight-headed hydra bites the Orb Guardian but does no damage.
Your eight-headed hydra bites the Orb Guardian! x2
Your five-headed hydra bites the Orb Guardian!
The Orb Guardian dies!
You catch the helpless Orb Guardian completely off-guard!
You perforate the Orb Guardian like a sieve!!!
Space warps around the Orb Guardian.
The Orb Guardian is heavily wounded.
The Orb Guardian hits you!
You catch the helpless Orb Guardian completely off-guard!
You skewer the Orb Guardian like a kebab!!!
You kill the Orb Guardian!
No target in view! 2 Orb Guardians come into view.
Your eight-headed hydra disappears in a puff of smoke!
Your five-headed hydra disappears in a puff of smoke!
You block the Orb Guardian's attack. The Orb Guardian completely misses you.
The Orb Guardian attacks as you move away!
You block the Orb Guardian's attack. You block the Orb Guardian's attack.
The Orb Guardian attacks as you move away!
You block the Orb Guardian's attack.
The Orb Guardian attacks as you move away!
The Orb Guardian hits you!! You block the Orb Guardian's attack.
Casting: Enfeeble (safe; 1% risk of failure)
Confirm with . or Enter, or press ? or * to list all spells.
Aiming: Enfeeble (safe; 1% risk of failure)
Press: ? - help, Shift-Dir - straight line, f - Orb Guardian
Aim: an Orb Guardian (will inflict weakness, chance to daze and blind: 57%)
The Orb Guardian is enfeebled!
The Orb Guardian hits you but does no damage.
You catch the helpless Orb Guardian completely off-guard!
You stick the Orb Guardian like a pincushion!!!
The Orb Guardian is heavily wounded.
The Orb Guardian blinks!
The Orb Guardian is lost in a daze.
Casting: Enfeeble (safe; 1% risk of failure)
Confirm with . or Enter, or press ? or * to list all spells.
A four-headed hydra appears.
The Orb Guardian is lost in a daze.
Casting: Summon Hydra (safe; 1% risk of failure)
Confirm with . or Enter, or press ? or * to list all spells.
A four-headed hydra appears.
The Orb Guardian hits your four-headed hydra!
Your four-headed hydra closely misses the Orb Guardian.
Your four-headed hydra bites the Orb Guardian.
Your four-headed hydra misses the Orb Guardian.
Your four-headed hydra bites the Orb Guardian.
Your four-headed hydra closely misses the Orb Guardian.
Your four-headed hydra bites the Orb Guardian.
Your four-headed hydra barely misses the Orb Guardian.
Your four-headed hydra closely misses the Orb Guardian.
You swap places.
The Orb Guardian is lost in a daze.
The Orb Guardian closely misses you.
Your four-headed hydra bites the Orb Guardian but does no damage.
Your four-headed hydra bites the Orb Guardian.
Your four-headed hydra bites the Orb Guardian but does no damage.
Your four-headed hydra completely misses the Orb Guardian.
You hit the Orb Guardian but do no damage.
The Orb Guardian is devoured by a tear in reality.
Casting: Summon Hydra (safe; 1% risk of failure)
Confirm with . or Enter, or press ? or * to list all spells.
Aiming: Enfeeble (safe; 1% risk of failure)
Press: ? - help, Shift-Dir - straight line, f - Orb Guardian
Aim: an Orb Guardian (ally target, will inflict weakness, chance to daze and blind: 57%)
The Orb Guardian partially resists.
The Orb Guardian is enfeebled!
Your four-headed hydra disappears in a puff of smoke!
You swap places.
You block the Orb Guardian's attack. x2
You hit the Orb Guardian.
The Orb Guardian is lightly wounded.
You hit the Orb Guardian.
Space warps around the Orb Guardian.
The Orb Guardian is lightly wounded.
The Orb Guardian hits you but does no damage.
You hit the Orb Guardian.
Space warps horribly around the Orb Guardian!!
The Orb Guardian is moderately wounded.
Your four-headed hydra bites the Orb Guardian. x2
Your four-headed hydra bites the Orb Guardian but does no damage.
Your four-headed hydra bites the Orb Guardian.
You strike the helpless Orb Guardian from behind!
You spit the Orb Guardian like a pig!!!
You kill the Orb Guardian!
You start resting.
Your four-headed hydra disappears in a puff of smoke!
HP restored.
You see here the Orb of Zot.
You feel yourself speed up.
You pick up the Orb of Zot!
The Orb lets out a hideous shriek!
The lords of Pandemonium are not amused.
Beware!
Now all you have to do is get back out of the dungeon!
You hear a shout! x2; You hear a deafening roar!
You hear a shout!
You hear a roar! x5; You hear a shout!
You hear a chilling moan.
You hear a shout!
You sense a monster nearby.
Things that are here:
a +0 short sword; a +0 cloak; a storm dragon skeleton
Things that are here:
a +0 glaive; a +0 dire flail; a white draconian skeleton Your extra speed is starting to run out.
You see here a +0 dire flail.
You feel yourself slow down.
You sense a monster nearby.
You can't go up here!
There is a stone staircase leading up here.
You fly upwards.
There is a stone staircase leading down here.
You can't go up here!
Unknown command.
Unknown command.
Unknown command.
Things that are here:
a +2 cloak of stealth; a +1 dagger of speed; a +0 mace
There is a stone staircase leading up here.
You fly upwards.
There is a stone staircase leading down here.
There is an escape hatch in the ceiling here.
A mysterious force pulls you upwards. The hatch slams shut behind you.
The white draconian roars!
The white draconian breathes frost at you.
The blast of cold misses you.
You see here a +0 scale mail.
A demonspawn black sun and a soul eater come into view.
The demonspawn black sun is wielding a +1 demon whip of draining.
You feel yourself speed up.
A demonspawn corrupter comes into view. It is wielding a +0 dire flail.
The demonspawn corrupter shouts!
You block the soul eater's attack. The soul eater barely misses you.
There is an escape hatch in the floor here.
The demonspawn corrupter calls down the wrath of Lugonu upon you.
The entropic weave corrodes you!
The demonspawn corrupter calls forth creatures from the Realm of Zot!
The white draconian stormcaller invokes the aid of Qazlal against you.
The blast of rubble hits you but does no damage.
The demonspawn corrupter calls forth creatures from the Elven Halls!
There is a stone staircase leading up here.
You fly upwards.
There is a stone staircase leading down here.
You are no longer corroded.
You see here a +0 long sword.
Your extra speed is starting to run out.
You feel yourself slow down.
A demonspawn corrupter and a shadow demon come into view.
The shadow demon croaks.
The shadow demon gestures.
You see here a +0 broad axe.
Casting: Enfeeble (safe; 1% risk of failure)
Confirm with . or Enter, or press ? or * to list all spells.
Aiming: Enfeeble (safe; 1% risk of failure)
Press: ? - help, Shift-Dir - straight line, f - death cob
Aim: a death cob (summoned, will inflict weakness, chance to daze and blind: 99%)
The death cob is enfeebled!
The death cob is lost in a daze.
You block the death cob's attack.
You catch the helpless death cob completely off-guard!
You skewer the death cob like a kebab!!!
Space warps horribly around the death cob!
The death cob is severely damaged.
You hit the death cob but do no damage.
The death cob is devoured by a tear in reality.
The demonspawn corrupter calls forth creatures from the Pits of Slime!
The white draconian stormcaller mumbles some strange prayers to Lugonu against you.
Lugonu smites you! The rockslime attacks as you move away!
The rockslime misses you. The rockslime attacks as you move away!
The rockslime hits you but does no damage.
The white draconian stormcaller calls down the wrath of Lugonu upon you.
Lugonu smites you! The rockslime attacks as you move away!
You block the rockslime's attack. The rockslime attacks as you move away!
You block the rockslime's attack.
The demonspawn corrupter mumbles some strange prayers to Lugonu against you.
The entropic weave corrodes you!
The white draconian stormcaller calls down the wrath of Lugonu upon you.
Lugonu smites you!
You feel yourself speed up.
The rockslime hits you but does no damage.
You block the rockslime's attack.
The demonspawn corrupter calls forth creatures from the Crypt!
The rockslime jiggles.
You block the rockslime's attack. The rockslime hits you!!
You hold your ground!
A titanic slime creature splits.
The rockslime disappears in a puff of smoke!
The white draconian stormcaller prays to Lugonu.
The demonspawn corrupter calls down the wrath of Lugonu upon you.
The entropic weave corrodes you!
The demonspawn corrupter calls forth creatures from the Tomb of the Ancients!
The very large slime creature disappears in a puff of smoke!
The large slime creature disappears in a puff of smoke!
The yellow draconian spits acid at you. The glob of acid hits you!!
The mummy priest mumbles some strange prayers to its god.
You hear an angry hiss.
The rockslime disappears in a puff of smoke!
The sphinx disappears in a puff of smoke!
Things that are here:
a +0 long sword; a +0 cloak of willpower
There is a gate leading back out of this place here.
You fly up through the gate.
Welcome back to the Depths!
There is a gate to the Realm of Zot here.
You sense a monster nearby.
(D) Dungeon (T) Temple (L) Lair (S) Swamp (N) Spider Nest (M) Slime Pits (O) Orcish Mines (E) Elven Halls (V) Vaults (C) Crypt (W) Tomb (U) Depths (H) Hell (Z) Zot
Where to? (Enter - Depths:4 @ (x,y), ? - help)
Things that are here:
a +0 cloak; a +0 short sword A sun demon comes into view.
As you read the scroll of teleportation, it crumbles to dust.
You feel strangely unstable.
You feel the Orb delaying your translocation!
Things that are here:
a +0 cloak; a +0 short sword
Things that are here:
a +0 cloak; a +0 short sword A large abomination comes into view.
Ginaff comes into view. It is armed with an antimagic touch.
A large abomination comes into view.
Your surroundings suddenly seem different.
You are no longer corroded.
Your extra speed is starting to run out.
Unknown command.
You feel yourself slow down.
There is a stone staircase leading up here.
Unknown command.
Unknown command.
Unknown command.
Unknown command.
Unknown command.
Unknown command.
You fly upwards.
There is a stone staircase leading down here.
A hellion comes into view.
Casting: Enfeeble (safe; 1% risk of failure)
Confirm with . or Enter, or press ? or * to list all spells.
Aiming: Enfeeble (safe; 1% risk of failure)
Press: ? - help, Shift-Dir - straight line, f - hellion
Aim: a hellion (will inflict weakness and antimagic, chance to daze and blind: 94%)
The hellion is enfeebled!
You catch the helpless hellion completely off-guard!
You spit the hellion like a pig!!!
You kill the hellion!
There is a stone staircase leading up here.
You fly upwards.
Level annotation: 1 exclusion
There is a stone staircase leading down here.
You sense a monster nearby.
There is an escape hatch in the ceiling here.
A mysterious force pulls you upwards. The hatch slams shut behind you.
There is an open door here.
A deep troll shaman comes into view.
The deep troll shaman shouts!
Casting: Enfeeble (safe; 1% risk of failure)
Confirm with . or Enter, or press ? or * to list all spells.
You don't know that spell.
Casting: Enfeeble (safe; 1% risk of failure)
Confirm with . or Enter, or press ? or * to list all spells.
Flames lash the deep troll shaman.
The deep troll shaman is lightly wounded.
The deep troll shaman's fire resistance burns away.
Unknown command.
You hit the deep troll shaman.
The deep troll shaman is devoured by a tear in reality.
(D) Dungeon (T) Temple (L) Lair (S) Swamp (N) Spider Nest (M) Slime Pits (O) Orcish Mines (E) Elven Halls (V) Vaults (C) Crypt (W) Tomb (U) Depths (H) Hell (Z) Zot
Where to? (Enter - Depths:1 @ (x,y), ? - help)
There is an open door here.
Things that are here:
a +0 robe; a +0 dagger
There is an open door here.
There is an open door, spattered with blood here.
You sense a monster nearby.
There is a staircase back to the Dungeon here.
You fly upwards.
Welcome back to the Dungeon!
There is a staircase to the Depths here.
A soul eater comes into view.
You see here a +0 great sword of flaming.
There is a stone staircase leading up here.
You fly upwards.
There is a stone staircase leading down here.
You see here a +3 long sword of pain.
There is a stone staircase leading up here.
You fly upwards.
There is a stone staircase leading down here.
There is a stone staircase leading up here.
You fly upwards.
There is a stone staircase leading down here.
There is a stone staircase leading up here.
You fly upwards.
There is a stone staircase leading down here.
There is a stone staircase leading up here.
You fly upwards.
There is a stone staircase leading down here.
A red devil comes into view. It is wielding a +0 trident.
There is a stone staircase leading up here.
You fly upwards. 3 hell hogs come into view.
There is a stone staircase leading down here.
The hell hog moves out of view. x2
You see here a +0 leather armour.
A sixfirhy comes into view.
You block the sixfirhy's attack. You block the sixfirhy's attack.
The sixfirhy hits you but does no damage.
You block the sixfirhy's attack. The sixfirhy attacks as you move away!
You block the sixfirhy's attack.
Casting: Scorch (safe; 0% risk of failure)
Confirm with . or Enter, or press ? or * to list all spells.
Flames lash the sixfirhy.
The sixfirhy is moderately wounded.
The sixfirhy's fire resistance burns away.
Unknown command.
Casting: Scorch (safe; 0% risk of failure)
Confirm with . or Enter, or press ? or * to list all spells.
You turn into a living statue of rough stone.
The cursed +0 pair of gloves of the Eternal Vision {Drain Regen+ Dex+6, Self, Fort} melds into your body.
The cursed +8 ice dragon scales of Ashenzari's Burden {rF- rC++, Range, Fort} melds into your body.
You block the sixfirhy's attack. x2
Unknown command.
You miss the sixfirhy.
The sixfirhy is moderately wounded.
You block the sixfirhy's attack. x2
Casting: Statue Form (safe; 0% risk of failure)
Confirm with . or Enter, or press ? or * to list all spells.
You don't know that spell.
You revert to your normal fleshy form.
The cursed +0 pair of gloves of the Eternal Vision {Drain Regen+ Dex+6, Self, Fort} unmelds from your body.
The cursed +8 ice dragon scales of Ashenzari's Burden {rF- rC++, Range, Fort} unmelds from your body.
You block the sixfirhy's attack. x3; The sixfirhy misses you.
Unknown command.
Casting: Statue Form (safe; 0% risk of failure)
Confirm with . or Enter, or press ? or * to list all spells.
Aiming: Enfeeble (safe; 1% risk of failure)
Press: ? - help, Shift-Dir - straight line, f - sixfirhy
Aim: a sixfirhy (lightly wounded, more vulnerable to fire, will inflict weakness, chance to daze and blind: 94%)
The sixfirhy is enfeebled!
You puncture the sixfirhy!
The sixfirhy is heavily wounded.
You hit the sixfirhy.
The sixfirhy is heavily wounded.
The sixfirhy blinks!
The sixfirhy is no longer more vulnerable to fire.
The sixfirhy is lost in a daze.
There is an escape hatch in the ceiling here.
The sixfirhy is lost in a daze.
You block the sixfirhy's attack. A mysterious force pulls you upwards.
The hatch slams shut behind you.
You see here a +0 club.
There is a stone staircase leading up here.
You fly upwards.
There is a stone staircase leading down here.
There is an open door here.
There is an escape hatch in the ceiling here.
A mysterious force pulls you upwards. The hatch slams shut behind you.
There is a stone staircase leading up here.
You fly upwards.
There is a stone staircase leading down here.
You see here a +0 dagger.
There is a stone staircase leading down here.
You sense a monster nearby.
There is a stone staircase leading up here.
You fly upwards.
There is a stone staircase leading down here.
You see here a +0 club.
You see here 8 stones.
A red devil comes into view.
It is wielding a +2 trident of protection.
There is an open door here.
There is a stone staircase leading up here.
You fly upwards.
There is a stone staircase leading down here.
You see here a +0 club.
A Leomnety, a Tzitzimitl and a green death come into view.
Press: ? - help, v - describe, . - travel
Here: Leomnety The floor.
Unknown command.
Unknown command.
Unknown command.
Unknown command.
Unknown command.
You feel yourself speed up.
The Tzitzimitl roars!
You block Leomnety's attack.
There is a stone staircase leading up here.
Leomnety hits you but does no damage.
You fly upwards.
There is a stone staircase leading down here.
Casting: Enfeeble (safe; 1% risk of failure)
Confirm with . or Enter, or press ? or * to list all spells.
Aiming: Enfeeble (safe; 1% risk of failure)
Press: ? - help, Shift-Dir - straight line, f - Leomnety
Aim: Leomnety (will inflict weakness, chance to daze and blind: 2%) Leomnety partially resists.
Leomnety is enfeebled!
Leomnety hits you but does no damage.
Casting: Enfeeble (safe; 1% risk of failure)
Confirm with . or Enter, or press ? or * to list all spells.
An eight-headed hydra appears.
You block Leomnety's attack.
Casting: Summon Hydra (safe; 1% risk of failure)
Confirm with . or Enter, or press ? or * to list all spells.
A four-headed hydra appears.
You block Leomnety's attack.
You hit Leomnety.
Space warps horribly around Leomnety!!
Leomnety is lightly wounded.
You block Leomnety's attack.
You hit Leomnety but do no damage.
Leomnety is lightly wounded.
Your eight-headed hydra bites Leomnety but does no damage. x3
Your eight-headed hydra bites Leomnety.
Your eight-headed hydra bites Leomnety!
Your eight-headed hydra bites Leomnety but does no damage. x2
Your eight-headed hydra barely misses Leomnety.
You puncture Leomnety!
Space warps horribly around Leomnety!
Leomnety is moderately wounded.
You hit Leomnety but do no damage.
Space warps horribly around Leomnety!
Leomnety is moderately wounded.
You block Leomnety's attack.
You closely miss Leomnety.
Leomnety is moderately wounded.
You hit Leomnety but do no damage.
Leomnety is moderately wounded.
You hit Leomnety but do no damage.
Leomnety is moderately wounded.
Leomnety blinks!
Your eight-headed hydra completely misses Leomnety. x2
Your eight-headed hydra bites Leomnety but does no damage.
Your eight-headed hydra misses Leomnety.
Your eight-headed hydra bites Leomnety!
Your eight-headed hydra closely misses Leomnety.
Your eight-headed hydra completely misses Leomnety.
Your eight-headed hydra bites Leomnety but does no damage.
You completely miss Leomnety.
Leomnety is moderately wounded.
You closely miss Leomnety.
Leomnety is moderately wounded.
You completely miss Leomnety.
Leomnety is moderately wounded.
You block Leomnety's attack.
You hit Leomnety but do no damage.
Space warps horribly around Leomnety!
Leomnety is heavily wounded.
Your eight-headed hydra bites Leomnety but does no damage. x2
Your eight-headed hydra bites Leomnety! x2
Your eight-headed hydra bites Leomnety but does no damage.
Your eight-headed hydra bites Leomnety.
Your eight-headed hydra closely misses Leomnety.
Your eight-headed hydra bites Leomnety but does no damage.
You catch the helpless Leomnety completely off-guard!
You impale Leomnety!!
Space warps around Leomnety.
Leomnety is severely wounded.
Leomnety hits you but does no damage.
You barely miss Leomnety.
Leomnety is severely wounded.
You hit Leomnety but do no damage.
Space warps around Leomnety.
Leomnety is severely wounded.
Your four-headed hydra barely misses Leomnety.
Your four-headed hydra bites Leomnety but does no damage.
Your four-headed hydra closely misses Leomnety.
Your four-headed hydra bites Leomnety but does no damage.
You hit Leomnety but do no damage.
Space warps around Leomnety.
Leomnety is severely wounded.
Leomnety hits you but does no damage.
You closely miss Leomnety.
Leomnety is severely wounded.
Your eight-headed hydra bites Leomnety but does no damage.
Your eight-headed hydra closely misses Leomnety.
Your eight-headed hydra bites Leomnety but does no damage.
Your eight-headed hydra completely misses Leomnety.
Your eight-headed hydra bites Leomnety but does no damage.
Your eight-headed hydra barely misses Leomnety.
Your eight-headed hydra bites Leomnety but does no damage.
Your eight-headed hydra barely misses Leomnety.
You hit Leomnety.
Leomnety is severely wounded.
Leomnety blinks!
You swap places.
You see here a +0 club.
You swap places.
Your eight-headed hydra bites Leomnety!
Your eight-headed hydra bites Leomnety but does no damage. x4
Your eight-headed hydra misses Leomnety.
Your eight-headed hydra closely misses Leomnety.
Your eight-headed hydra bites Leomnety but does no damage.
You hit Leomnety.
Leomnety is almost dead.
Leomnety blinks!
You hit Leomnety but do no damage.
Space warps around Leomnety.
Leomnety is almost dead.
You barely miss Leomnety.
Leomnety is almost dead.
You block Leomnety's attack.
You hit Leomnety but do no damage.
Leomnety is devoured by a tear in reality.
Your eight-headed hydra disappears in a puff of smoke!
No target in view!
A lorocyproca comes into view.
You barely miss the lorocyproca.
Your four-headed hydra disappears in a puff of smoke!
You puncture the lorocyproca!
Space warps around the lorocyproca.
The lorocyproca is lightly wounded.
You hit the lorocyproca but do no damage.
The lorocyproca is lightly wounded.
You puncture the lorocyproca!
The lorocyproca is moderately wounded.
The lorocyproca blinks!
There is a stone staircase leading up here.
You fly upwards.
There is a stone staircase leading down here.
There is a stone staircase leading down here.
Your extra speed is starting to run out.
You sense a monster nearby.
A demonspawn blood saint and a balrug come into view.
The balrug is wielding a +0 demon whip of draining.
You feel as though your hastened speed will last longer.
There is a staircase leading out of the dungeon here.
You have escaped! ........#..P ,.♣♣.P, ,#......# ...2....#.PP PPPP..♣PPP #......# ##..##..#.♣.
PP.P.PP♣P♣

##.....#
...###..#.P.♣♣PP..P...
#......#
.#####..#.P.♣♣PPP.PP♣,,
#......#
######.##..♣..P..♣P.♣♣,
##.#####
#......##################.#
#.........................#
#.........##...@...##....##
#..................)....##
##.>........##############
..)....)....#########
.#################### ##


There were no monsters in sight!

Vanquished Creatures
  the Royal Jelly (Slime:5)
  A dread lich (Zot:5)
  3 orbs of fire
  A juggernaut (Depths:3)
  A Killer Klown (Zot:5)
  Nikola (Spider:2)
  A profane servitor (Crypt:3)
  3 golden dragons
  Arachne (Spider:2)
  3 bone dragons
  2 electric golems
  Jorgrun (Swamp:2)
  A walking earthen tome (Depths:4)
  Zenata (Vaults:4)
  14 Orb Guardians (Zot:5)
  9 tentacled monstrosities
  A lich (Crypt:3)
  Asterion (Vaults:1)
  A deep elf master archer (Elf:3)
  5 quicksilver dragons
  Frances (D:12)
  A deep elf blademaster (Elf:3)
  5 ancient champions
  7 death cobs
  6 sphinxes
  2 tengu reavers (Vaults:1)
  Agnes (Orc:2)
  11 acid blobs
  6 shadow dragons
  12 storm dragons
  5 thorn hunters (Swamp:4)
  15 azure jellies
  A draconian knight (Zot:4)
  4 fire giants
  Louise (Depths:3)
  12 vault wardens
  7 frost giants
  6 deep elf sorcerers (Elf:3)
  2 orc warlords (Vaults:3)
  An emperor scorpion (Spider:4)
  6 ghost moths
  A curse skull (Crypt:1)
  4 draconian stormcallers
  2 deep elf elementalists (Elf:3)
  A shard shrike simulacrum (Crypt:3)
  A spriggan defender (Depths:3)
  5 draconian scorchers
  2 ghouls
  14 ironbound preservers
  A reaper (Depths:2)
  2 broodmothers
  6 stone giants
  10 ironbound thunderhulks
  2 draconian annihilators
  5 vampire knights
  6 quicksilver oozes
  6 very ugly things
  4 black draconians
  3 green draconians
  7 deep elf demonologists
  Azrael (D:14)
  2 entropy weavers
  5 bunyips
  4 eleionomae
  7 deep elf annihilators
  5 red draconians
  A spectral titan (Crypt:3)
  3 spark wasps
  3 dire elephants (Vaults:3)
  9 white draconians
  4 purple draconians
  9 yellow draconians
  8 deep elf death magi
  An eidolon (Crypt:2)
  A fire dragon (Depths:1)
  3 ettins
  5 deep elf high priests
  A blizzard demon (Depths:1)
  2 crystal guardians
  9 yaktaur captains
  Josephine (Orc:2)
  6 great orbs of eyes
  5 rakshasas
  13 vault guards
  11 jiangshi
  6 boulder beetles
  17 hydras
  8 ice dragons
  A fenstrider witch zombie (Crypt:1)
  A caustic shrike simulacrum (Depths:1)
  5 ironbound frosthearts
  2 jorogumos
  A fenstrider witch skeleton (Crypt:1)
  27 centaur warriors
  A peacekeeper (Vaults:3)
  2 spriggan air magi
  3 death knights
  4 radroaches
  7 two-headed ogres
  A ghost crab (Swamp:1)
  3 tengu warriors
  6 alligators
  A dancing weapon (Elf:2)
  A death scarab (Spider:4)
  4 deep troll shamans
  5 deep troll earth magi
  4 orc high priests
  21 deep elf knights
  A spriggan berserker (Swamp:4)
  Sonja (Orc:2)
  2 hell knights (Vaults:4)
  5 shadow wraiths (Crypt:3)
  14 skeletal warriors
  An iron troll (Depths:2)
  4 goliath frogs
  7 large abominations
  10 pharaoh ants
  3 spriggan druids
  6 steelbarb worms
  6 flayed ghosts
  3 spectral hydras (Swamp:4)
  2 glowing orange brains
  An orb spider (Spider:2)
  13 swamp dragons
  5 bog bodies
  A shadow dragon zombie (Depths:1)
  45 deep trolls
  A spectral jorogumo (Spider:4)
  3 wizards
  A golden dragon zombie (Crypt:2)
  A sphinx zombie (Vaults:2)
  3 phantasmal warriors
  7 necromancers
  22 ironbound convokers
  A spectral wolf spider (Spider:4)
  28 deep elf pyromancers
  29 deep elf zephyrmancers
  An iron giant skeleton (Crypt:2)
  2 lindwurms (Vaults:4)
  27 ugly things
  8 cyclopes
  15 deep elf archers
  3 manticores
  14 wolf spiders
  15 orc knights
  3 oklob plants (Swamp:4)
  A stone giant zombie (Vaults:2)
  25 moths of wrath
  10 orc sorcerers
  A shining eye (Slime:5)
  A salamander (shapeshifter) (D:14)
  3 will-o-the-wisps
  A naga zombie (Crypt:1)
  20 elephants
  A sphinx skeleton (Vaults:2)
  A dire elephant zombie (Crypt:1)
  A fire giant skeleton (Crypt:1)
  A guardian serpent (shapeshifter) (Elf:3)
  A centaur zombie (Crypt:2)
  2 black mambas (Lair:4)
  3 torpor snails
  11 cane toads
  11 vault sentinels
  2 orange demons (Depths:4)
  A naga skeleton (Crypt:2)
  3 gargoyles
  6 komodo dragons
  4 unseen horrors (Depths:2)
  22 rime drakes
  A centaur skeleton (Crypt:2)
  41 yaktaurs
  4 demonic crawlers
  A hellion (Depths:3)
  2 kobold demonologists (D:10)
  3 tengu conjurers
  2 ice devils
  An efreet (D:13)
  2 freezing wraiths
  A hellwing (Depths:2)
  3 bloated husks (Swamp:2)
  15 polar bears
  6 tyrant leeches
  7 trolls
  3 meliai (Spider:3)
  A troll (shapeshifter) (Elf:3)
  8 hornets
  A death drake skeleton (Swamp:4)
  A spectral tarantella (Spider:4)
  A harpy skeleton (Crypt:2)
  15 tarantellas
  A spectral jumping spider (Spider:4)
  12 nameless horrors
  38 slime creatures
  3 hydra skeletons (Swamp:4)
  A fire dragon zombie (Crypt:1)
  A tarantella zombie (Spider:4)
  25 blink frogs
  14 jumping spiders
  2 jumping spider zombies (Spider:4)
  7 shadows
  3 air elementals
  A spriggan skeleton (Depths:1)
  2 black mamba zombies (Crypt:1)
  13 culicivoras
  A culicivora (shapeshifter) (Elf:2)
  A centaur simulacrum (Crypt:1)
  9 flying skulls (Crypt:3)
  15 spriggans
  2 ynoxinuls
  25 yaks
  5 wyverns
  8 water elementals
  12 wraiths
  A basilisk (shapeshifter) (Depths:2)
  A golden eye (shapeshifter) (D:15)
  21 redbacks
  13 vampire mosquitoes
  2 chaos spawn (Depths:2)
  A steam dragon (D:8)
  7 basilisks
  An acid dragon (shapeshifter) (Depths:2)
  A neqoxec (Depths:2)
  15 swamp worms
  A two-headed ogre zombie (D:9)
  9 wargs
  2 acid dragons
  16 water moccasins
  3 hydra simulacra (Swamp:4)
  27 orc warriors
  A hornet zombie (Crypt:1)
  11 swamp drakes
  6 black bears
  2 sky beasts
  A swamp dragon zombie (Swamp:4)
  11 boggarts
  A spriggan simulacrum (Depths:1)
  4 swamp dragon skeletons
  25 wolves
  4 ogres
  4 centaurs
  A rime drake zombie (Crypt:2)
  7 kobold brigands
  3 elf zombies (Elf:3)
  6 bullfrogs
  A gnoll sergeant (D:10)
  A scorpion (D:6)
  2 necrophages
  3 small abominations
  5 wights
  A troll zombie (D:9)
  10 killer bees (D:9)
  A polar bear skeleton (Crypt:2)
  2 electric eels (Spider:4)
  17 howler monkeys
  3 jellies
  18 orc priests
  2 hounds (D:7)
  4 iguanas
  A basilisk skeleton (Crypt:1)
  A human skeleton (Crypt:1)
  24 orc wizards
  6 ogre zombies (D:9)
  8 gnolls
  15 adders
  2 white imps
  2 ufetubi
  A worm (D:2)
  A dart slug (D:2)
  77 orcs
  5 bats
  5 endoplasms
  4 giant cockroaches
  12 goblins
  7 hobgoblins
  7 jackals
  26 kobolds
  2 quokkas
  7 ball pythons
  3 frilled lizards
  2 goblin skeletons (D:9)
  3 goblin zombies (D:9)
  2 hobgoblin skeletons (D:9)
  A hobgoblin zombie (D:9)
  3 orc skeletons (D:9)
  14 orc zombies (D:9)
  5 rats
  A spectral kobold (D:1)
  A briar patch (Swamp:4)
1788 creatures vanquished.

Vanquished Creatures (collateral kills)
  A juggernaut (Depths:4)
  Saint Roka (Vaults:1)
  Margery (Vaults:4)
  Xtahua (Depths:3)
  A Killer Klown (Zot:3)
  A golden dragon (Zot:4)
  A curse toe (Zot:1)
  A walking crystal tome (Depths:3)
  5 Orb Guardians (Zot:5)
  A shard shrike skeleton (Crypt:2)
  A lich (Depths:3)
  8 tentacled monstrosities
  A deep elf blademaster (Elf:3)
  A titan (Depths:4)
  A quicksilver dragon (Zot:3)
  4 acid blobs
  4 sphinxes
  2 death cobs
  2 shadow dragons
  A tengu reaver (Depths:4)
  5 storm dragons
  7 rockslimes
  2 revenants
  5 azure jellies
  A draconian knight (Zot:4)
  5 draconian monks
  4 frost giants
  4 vault wardens
  An iron dragon (Depths:4)
  9 fire giants
  A balrug (Depths:3)
  2 curse skulls
  4 draconian scorchers
  An emperor scorpion (Spider:4)
  2 ghouls (Crypt:1)
  2 draconian stormcallers
  A draconian annihilator (Zot:5)
  2 ironbound preservers (Vaults:1)
  A spriggan defender (Depths:4)
  A ghost moth (Zot:3)
  2 stone giants
  3 quicksilver oozes
  3 very ugly things
  An eleionoma (Swamp:4)
  An ironbound thunderhulk (Vaults:4)
  2 green draconians
  2 vampire knights
  6 purple draconians
  4 black draconians
  4 red draconians
  2 entropy weavers (Spider:4)
  2 deep elf annihilators (Elf:3)
  3 white draconians
  5 yellow draconians
  2 deep elf death magi
  6 ettins
  2 crystal guardians
  An eidolon (Crypt:2)
  The ghost of TheBeaver the Covert, a journeyman DsDe of Yredelemnul (Lair:4)
  5 fire dragons
  A deep elf high priest (Vaults:1)
  A yaktaur captain (D:15)
  A quicksilver dragon zombie (Crypt:1)
  The ghost of RevDB the Protected, a journeyman MiFi of Qazlal (D:10)
  2 great orbs of eyes
  7 jiangshi
  2 peacekeepers (Vaults:3)
  2 rakshasas (Depths:2)
  A spriggan zombie (Crypt:1)
  2 spriggan air magi
  3 ice dragons
  An Orb Guardian zombie (Crypt:1)
  A vault guard (Vaults:4)
  2 spriggan skeletons
  3 ironbound frosthearts (Vaults:4)
  A death knight (Crypt:3)
  7 deep troll earth magi
  4 spriggan berserkers
  A two-headed ogre (D:10)
  6 death scarabs (Spider:4)
  21 dancing weapons
  A vampire mage (Crypt:2)
  3 tengu warriors
  6 deep troll shamans
  5 hell knights
  A titan zombie (Crypt:2)
  A spriggan (Depths:4)
  A soul eater (Depths:2)
  7 iron trolls
  17 skeletal warriors
  A storm dragon skeleton (Crypt:3)
  A sun demon (Depths:3)
  A goliath frog (shapeshifter) (Depths:3)
  2 large abominations
  A death drake (Swamp:4)
  An orb spider (Spider:4)
  A flayed ghost (Depths:3)
  A glowing orange brain (Slime:3)
  An orange crystal statue (IceCv)
  A spectral wolf spider (Spider:4)
  3 orc knights
  17 deep trolls
  A bog body (Crypt:1)
  3 lindwurms (Vaults:1)
  A deep elf pyromancer (D:14)
  A shadow dragon zombie (Crypt:2)
  3 necromancers
  A deep elf archer (Elf:1)
  15 ugly things
  A phantasmal warrior (Crypt:2)
  3 wolf spiders
  A fire giant zombie (Depths:1)
  A wolf spider (shapeshifter) (Depths:3)
  A stone giant zombie (Crypt:2)
  4 shining eyes
  8 moths of wrath
  4 rust devils
  A naga zombie (Crypt:1)
  A torpor snail (Spider:4)
  An alligator snapping turtle zombie (Crypt:1)
  An orange demon (Depths:2)
  A smoke demon (Depths:3)
  2 unseen horrors (Depths:2)
  3 eyes of devastation
  A steelbarb worm zombie (Crypt:2)
  2 demonic crawlers (Spider:2)
  A death yak zombie (Crypt:2)
  A tormentor (Depths:4)
  A yaktaur (Vaults:4)
  An efreet (D:15)
  A hellwing (Depths:4)
  3 guardian mummies (Crypt:1)
  An ice devil (Depths:4)
  4 spectral redbacks (Spider:4)
  A red devil (Depths:2)
  A harpy zombie (Crypt:2)
  A catoblepas skeleton (Crypt:1)
  3 tengu conjurers
  A death drake skeleton (Swamp:4)
  2 spectral culicivoras (Spider:4)
  5 tarantellas
  A hornet (Depths:4)
  A tarantella zombie (Spider:4)
  40 slime creatures
  2 spectral tarantellas (Spider:4)
  A jumping spider zombie (Crypt:1)
  A jumping spider (Spider:1)
  3 wraiths
  3 culicivoras
  41 flying skulls (Crypt:3)
  A shadow (Crypt:3)
  An ice dragon skeleton (Crypt:1)
  6 fire elementals
  6 redbacks (Spider:4)
  3 golden eyes (Slime:4)
  A chaos spawn (Depths:2)
  A warg (D:15)
  An acid dragon (Zot:4)
  4 hell hounds (D:14)
  A naga skeleton (Crypt:1)
  A floating eye (Depths:3)
  2 swamp dragon zombies (Swamp:4)
  An ice dragon simulacrum (Crypt:1)
  4 orc warriors
  A blink frog skeleton (Crypt:2)
  3 earth elementals
  4 necrophages (Crypt:3)
  2 small abominations (Crypt:3)
  A shapeshifter zombie (Crypt:2)
  A troll zombie (Crypt:2)
  An electric eel (Spider:4)
  2 human zombies (Crypt:1)
  3 jellies (Lair:4)
  2 orc priests
  A human skeleton (Crypt:1)
  3 mummies (Crypt:1)
  2 orcs (Vaults:1)
  An endoplasm (Lair:4)
  A gnoll skeleton (Crypt:2)
  A kobold zombie (Crypt:2)
  35 foxfires
577 creatures vanquished.

Vanquished Creatures (others)
  An alligator (Swamp:1)
  A wizard (Depths:3)
  A deep elf pyromancer (D:13)
  A moth of wrath (Zot:4)
  An orc wizard (D:3)
  2 briar patches (Swamp:4)
  1986 foxfires
  46 fungi
  108 plants
  6 toadstools (Depths:1)
2153 creatures vanquished.

Grand Total: 4518 creatures vanquished

Notes
Turn   | Place    | Note
-------+----------+-------------------------------------------
     0 | D:1      | sleeves the Djinni Fighter began the quest for the Orb.
     0 | D:1      | Reached XP level 1. HP: 20/20 MP: 0/0
    38 | D:1      | Reached skill level 2 in Long Blades
   121 | D:1      | Reached XP level 2. HP: 24/25 MP: 0/0
   199 | D:1      | Found a faded altar of an unknown god.
   261 | D:1      | Reached XP level 3. HP: 27/30 MP: 0/0
   261 | D:1      | Learned a level 1 spell: Foxfire
   272 | D:1      | Reached skill level 3 in Long Blades
   850 | D:2      | Reached XP level 4. HP: 34/35 MP: 0/0
  1020 | D:2      | Reached skill level 4 in Long Blades
  1085 | D:2      | You are sucked into a shaft and drop 2 floors!
  1098 | D:5      | Entered Level 5 of the Dungeon
  1279 | D:4      | Reached XP level 5. HP: 40/40 MP: 0/0
  1279 | D:4      | Learned a level 2 spell: Scorch
  1423 | D:3      | Reached skill level 5 in Long Blades
  1652 | D:3      | Reached XP level 6. HP: 45/46 MP: 0/0
  2232 | D:3      | Found Oloont's Assorted Antiques.
  2376 | D:3      | Found a hazy altar of Hepliaklqana.
  2739 | D:4      | Reached skill level 1 in Spellcasting
  2791 | D:4      | Noticed a yak
  2792 | D:4      | Noticed a yak
  2942 | D:5      | Reached XP level 7. HP: 35/50 MP: 0/0
  2942 | D:5      | Learned a level 3 spell: Gell's Gravitas
  3099 | D:5      | Reached skill level 6 in Long Blades
  3351 | D:5      | HP: 23/50 [iguana (9)]
  3352 | D:5      | HP: 11/50 [iguana (3)]
  3355 | D:5      | Reached skill level 2 in Spellcasting
  3783 | D:5      | Noticed a water moccasin
  4032 | D:5      | HP: 22/50 [water moccasin (7)]
  4036 | D:5      | HP: 10/50 [water moccasin (5)]
  4037 | D:5      | Killed a water moccasin
  4307 | D:5      | Found an opulent altar of Gozag.
  4839 | D:4      | Noticed a yak
  4839 | D:4      | Noticed a yak
  5050 | D:6      | HP: 25/50 [kobold brigand/+0 short sword (4)]
  5086 | D:6      | Reached XP level 8. HP: 18/56 MP: 0/0
  5326 | D:5      | Reached skill level 3 in Spellcasting
  5565 | D:6      | Found a staircase to the Ecumenical Temple.
  5713 | D:6      | Found a hide-covered altar of Uskayaw.
  5733 | Temple   | Entered the Ecumenical Temple
  5733 | Temple   | Found a transporter.
  5733 | Temple   | Found a transporter.
  5735 | Temple   | Found a transporter.
  5735 | Temple   | Found a transporter.
  5777 | Temple   | Became a worshipper of Ashenzari the Shackled
  6022 | D:6      | Found a white marble altar of Elyvilon.
  6049 | D:6      | HP: 26/56 [orc/+0 dagger (3)]
  6322 | D:6      | HP: 25/56 [something (6)]
  6326 | D:6      | Reached skill level 7 in Long Blades
  7092 | D:7      | Reached skill level 4 in Spellcasting
  7294 | D:7      | Reached skill level 8 in Long Blades
  7294 | D:7      | Reached XP level 9. HP: 38/60 MP: 0/0
  7294 | D:7      | Learned a level 4 spell: Sticky Flame
  7294 | D:7      | CougarLife: how goes it
  7294 | D:7      | sleeves: sup I got the Palentonga win
  7443 | D:7      | CougarLife: niiiiice
  7443 | D:7      | CougarLife: i lost a life to a centaur on d9
  7443 | D:7      | sleeves: oh yeah thats tough
  7443 | D:7      | CougarLife: and theres a 7 headed hydra running around too
  7483 | D:7      | CougarLife: i killed the centaur with 3 golem guardian
                  | bombs
  7603 | D:7      | Reached * piety under Ashenzari
  7603 | D:7      | Identified a scroll of acquirement
  7604 | D:7      | Acquired a manual of Stealth
  7723 | D:7      | sleeves: i think when i played felid there was still
                  | deflect missles
  7723 | D:7      | CougarLife: yeah i miss deflect missile
  7742 | D:7      | CougarLife: im at midgame at a point where i havent found
                  | any spellbooks it kinda sucks
  7742 | D:7      | sleeves: i imagine a pack of yakataurs is the scariest
                  | thing now
  7810 | D:8      | Found Zemid's Armour Boutique.
  7813 | D:8      | CougarLife: feel like by then you would have tools to deal
                  | with them
  7850 | D:8      | CougarLife: possibly statue form or something to kill them
                  | quick
  8006 | D:8      | Reached ** piety under Ashenzari
  8022 | D:8      | Reached skill level 1 in Stealth
  8052 | D:8      | Reached skill level 2 in Stealth
  8052 | D:8      | Reached skill level 5 in Spellcasting
  8064 | D:8      | HP: 29/61 [orc wizard/magic dart (6)]
  8073 | D:8      | HP: 24/61 [orc wizard/+0 dagger (3)]
  8078 | D:8      | CougarLife: seems a centaur is the bane of both of our
                  | existences
  8088 | D:8      | Paralysed by a kobold brigand for 3 turns
  8094 | D:8      | Paralysed by a kobold brigand for 4 turns
  8098 | D:8      | sleeves: good lord
  8098 | D:8      | CougarLife: wait you only have 14 ev
  8098 | D:8      | CougarLife: at d8
  8098 | D:8      | CougarLife: and no other defensive
  8098 | D:8      | CougarLife: ur insane
  8101 | D:8      | HP: 28/62 [kobold brigand/+0 dagger (3)]
  8110 | D:8      | Paralysed by a kobold brigand for 3 turns
  8113 | D:8      | sleeves: its fine
  8113 | D:8      | CougarLife: is it?
  8113 | D:8      | CougarLife: lo
  8115 | D:8      | sleeves: ok its not fine
  8115 | D:8      | CougarLife: not with those orcs its not
  8115 | D:8      | CougarLife: lmao
  8117 | D:8      | HP: 20/62 [orc priest/divine providence (12)]
  8121 | D:8      | CougarLife: oh no
  8121 | D:8      | sleeves: wtf
  8121 | D:8      | CougarLife: smited
  8122 | D:8      | CougarLife: LMAO
  8125 | D:8      | CougarLife: THAT MAN HIT THE FRAME 1 SMITE
  8127 | D:8      | HP: 21/62 [kobold/+0 short sword (1)]
  8137 | D:8      | HP: 20/62 [kobold/+0 club (1)]
  8154 | D:8      | HP: 19/62 [kobold/+0 club (1)]
  8639 | D:8      | Reached skill level 3 in Stealth
  8964 | D:8      | Reached skill level 4 in Fighting
  9134 | D:8      | sleeves: i think i just buy these
  9134 | D:8      | sleeves: but my greed
  9134 | D:8      | CougarLife: show again
  9134 | D:8      | Identified Sif Muna's Compendium of Metal (You found it on
                  | level 3 of the Dungeon)
  9134 | D:8      | CougarLife: reflection?
  9134 | D:8      | CougarLife: that scale mail lookin juicy
  9134 | D:8      | sleeves: i dont think i can cast with it though
  9180 | D:8      | CougarLife: wait are you not wearing one
  9188 | D:8      | CougarLife: what are you wearing
  9252 | D:7      | sleeves: leather armor
  9254 | D:8      | CougarLife: oh boy
  9310 | D:9      | Noticed a troll
  9317 | D:9      | CougarLife: less than ideal
  9330 | D:9      | Noticed a troll
  9347 | D:9      | CougarLife: im debating on if i should try to polymorph
                  | this hydra or not
  9456 | D:8      | CougarLife: do you have innate fire magic lvls as a djinni
  9456 | D:8      | sleeves: 3d(3.33+Power/6)
  9456 | D:8      | CougarLife: what kinda spells do you have so far (not
                  | memorized)
  9456 | D:8      | sleeves: this guy doesnt learn spells from books
  9456 | D:8      | sleeves: he just randomly learns shit
  9456 | D:8      | CougarLife: oh wtf
  9456 | D:8      | sleeves: i just got lucky
  9456 | D:8      | CougarLife: i was wondering how you had gells lol
  9456 | D:8      | sleeves: that 3 of em are fire
  9456 | D:8      | sleeves: yeah idk if it has biases
  9456 | D:8      | sleeves: would have to check the code out
  9493 | D:8      | CougarLife: troll on d9 is mean as hell
  9526 | D:8      | sleeves: I have yaks on d4
  9526 | D:8      | sleeves: lol
  9529 | D:8      | CougarLife: wtf
  9530 | D:8      | CougarLife: thats so fucked
  9530 | D:8      | CougarLife: how big is the pack
  9533 | D:8      | HP: 29/62 [orc/+0 falchion (3)]
  9696 | D:8      | sleeves: like 4-5
  9696 | D:8      | CougarLife: christ
  9741 | D:9      | CougarLife: yaks should not be able to spawn on d4 idk how
                  | you survived that shit
  9755 | D:8      | Reached skill level 4 in Stealth
  9877 | D:8      | sleeves: I've seen even stupider things
  9877 | D:8      | sleeves: like d2 water moccasin
  9877 | D:8      | sleeves: d2 bear
  9877 | D:8      | sleeves: d3 centaur
  9877 | D:8      | CougarLife: d2 bear isnt too bad on a melee
  9877 | D:8      | CougarLife: just pop mighht and blast him
  9877 | D:8      | CougarLife: same as sigmund
  9877 | D:8      | sleeves: i remember the days of d1 pack of jackels
  9877 | D:8      | CougarLife: i saw that yesterday i think on a troll lol
  9877 | D:8      | sleeves: that would murder and ranged/magic
  9877 | D:8      | CougarLife: may not have been a pack
  9879 | D:9      | CougarLife: think it was just one
  9917 | D:9      | Reached XP level 10. HP: 52/69 MP: 0/0
  9995 | D:8      | sleeves: this is unfortunate
 10027 | D:9      | sleeves: fk
 10032 | D:9      | HP: 24/69 [shadow (10)]
 10059 | D:9      | CougarLife: the bees?
 10059 | D:9      | sleeves: no a wraith
 10059 | D:9      | CougarLife: o
 10059 | D:9      | sleeves: it turned the corner on my stairs
 10059 | D:9      | CougarLife: could barely see him
 10059 | D:9      | sleeves: i shoulda gone up
 10059 | D:9      | CougarLife: i was watching somebody with 297 runs last
                  | night almost get their first ever win on an octopode
 10059 | D:9      | CougarLife: and on their orb run
 10059 | D:9      | CougarLife: they auto ran from d12 to d2
 10059 | D:9      | sleeves: what background
 10059 | D:9      | CougarLife: dont remember
 10059 | D:9      | CougarLife: i think brigand?
 10059 | D:9      | CougarLife: if thats a bg
 10059 | D:9      | CougarLife: but on the stairs up to d1 a panlord dropped on
                  | them
 10059 | D:9      | CougarLife: and just blasted them
 10059 | D:9      | CougarLife: they had such unfortunate luck on loot
 10059 | D:9      | sleeves: yikes
 10059 | D:9      | CougarLife: and an unfortunate z5
 10059 | D:9      | CougarLife: they had to fight like 8-9 orbs
 10059 | D:9      | CougarLife: at one point they were being blasted by 4 at
                  | once
 10059 | D:9      | CougarLife: was spooky
 10061 | D:9      | sleeves: im gonna have to blink
 10061 | D:9      | sleeves: rip
 10061 | D:9      | CougarLife: or tp
 10061 | D:9      | CougarLife: you gotta use something or die
 10061 | D:9      | sleeves: too spooky for that
 10068 | D:9      | CougarLife: can you outrun the wraith?
 10070 | D:9      | Reached skill level 5 in Fighting
 10070 | D:9      | Reached skill level 9 in Long Blades
 10070 | D:9      | Reached skill level 5 in Stealth
 10076 | D:9      | CougarLife: THE GREED LOL
 10078 | D:9      | sleeves: i checked his damage
 10078 | D:9      | sleeves: he could do max 14
 10080 | D:9      | CougarLife: i woulda done the same tho tbh
 10093 | D:9      | Noticed a komodo dragon
 10335 | D:8      | sleeves: i woulda blinked over after if i missed
 10341 | D:9      | CougarLife: this is so cursed lmao
 10348 | D:9      | CougarLife: ur d9 is worse than mine
 10349 | D:9      | HP: 34/70 [killer bee (2)]
 10565 | D:9      | sleeves: yeah this is pretty bad
 10580 | D:9      | CougarLife: i thought a centaur and a hydra were scary
 10589 | D:9      | CougarLife: tho to be fair
 10595 | D:9      | CougarLife: that centaur tanked 3 golem bombs
 10811 | D:9      | Reached skill level 6 in Spellcasting
 10883 | D:9      | HP: 35/70 [two-headed ogre zombie (7)]
 10885 | D:9      | CougarLife: idk how ur clearing this shit with 14 ev
 11065 | D:9      | CougarLife: ur insane for that
 11126 | D:8      | Reached skill level 6 in Stealth
 11681 | D:9      | sleeves: damn wait i thought u could sticky flame em
 11682 | D:9      | HP: 34/72 [wraith (4)]
 11687 | D:9      | HP: 25/72 [wraith (9)]
 11925 | D:8      | sleeves: this floor is cancer
 11980 | D:8      | sleeves: dice must be rolled i guess
 12357 | D:9      | Found a glowing golden altar of the Shining One.
 12385 | D:9      | Reached *** piety under Ashenzari
 12492 | D:9      | Found a staircase to the Lair.
 12583 | D:9      | Found a staircase to the Orcish Mines.
 12716 | D:10     | Entered Level 10 of the Dungeon
 12798 | D:10     | Reached skill level 6 in Fighting
 12855 | D:10     | HP: 33/76 [acid dragon/splash of acid (25)]
 13087 | D:9      | Killed a komodo dragon
 13417 | D:10     | Reached skill level 7 in Stealth
 13425 | D:10     | Reached XP level 11. HP: 80/81 MP: 0/0
 13425 | D:10     | Learned a level 4 spell: Passage of Golubria
 13425 | D:10     | sleeves: oh shit
 13425 | D:10     | sleeves: huge spell
 13497 | D:10     | Reached skill level 1 in Dodging
 13690 | D:10     | Noticed RevDB's ghost (journeyman MiFi)
 13691 | D:10     | Found a transporter.
 13691 | D:10     | Noticed a two-headed ogre
 13693 | D:10     | Noticed a two-headed ogre
 13695 | D:10     | Identified the +6 dire flail of Evisceration {flame, Fly
                  | rElec rC+ rCorr Stlth-}
 13695 | D:10     | Identified the +8 giant spiked club of the Healing Gods
                  | {venom, Drain rElec rN++}
 13695 | D:10     | Noticed a two-headed ogre
 13695 | D:10     | Noticed a two-headed ogre
 13705 | D:10     | Found a transporter.
 13735 | D:10     | Found a glowing silver altar of Zin.
 14740 | D:11     | Reached skill level 2 in Dodging
 14751 | D:11     | Reached skill level 10 in Long Blades
 14755 | D:11     | Reached skill level 7 in Fighting
 14755 | D:11     | Reached skill level 4 in Armour
 14895 | D:11     | Reached skill level 3 in Dodging
 14954 | D:11     | Found Riycaiblo's Weapon Shop.
 15116 | D:11     | HP: 34/79 [komodo dragon (25)]
 15118 | D:11     | Reached skill level 7 in Spellcasting
 15778 | D:12     | Noticed a cyclops
 15826 | D:12     | Noticed a four-headed hydra
 15934 | D:12     | Killed a four-headed hydra
 15935 | D:12     | Reached skill level 4 in Dodging
 15996 | D:12     | Killed a cyclops
 15997 | D:12     | Reached skill level 5 in Armour
 16023 | D:12     | Noticed a two-headed ogre
 16034 | D:12     | Killed a two-headed ogre
 16035 | D:12     | Reached XP level 12. HP: 79/86 MP: 0/0
 16089 | D:12     | Noticed a two-headed ogre
 16162 | D:12     | Killed a two-headed ogre
 16345 | Lair:1   | Entered Level 1 of the Lair of Beasts
 16419 | Lair:1   | Reached skill level 8 in Fighting
 16485 | Lair:1   | Reached skill level 5 in Dodging
 17198 | Lair:2   | Reached skill level 6 in Armour
 17382 | Lair:2   | Reached skill level 8 in Stealth
 17420 | Lair:2   | Noticed a five-headed hydra
 17420 | Lair:2   | Noticed a four-headed hydra
 17478 | Lair:2   | Killed a five-headed hydra
 17479 | Lair:2   | Reached skill level 11 in Long Blades
 17517 | Lair:2   | Killed a four-headed hydra
 17518 | Lair:2   | Reached skill level 8 in Spellcasting
 17567 | Lair:2   | Found a staircase to the Swamp.
 17689 | Lair:2   | Noticed a boulder beetle
 17784 | Lair:2   | Found a hole to the Spider Nest.
 17790 | Lair:2   | HP: 35/91 [boulder beetle (53)]
 17917 | Lair:3   | Noticed a six-headed hydra
 17981 | Lair:3   | Killed a six-headed hydra
 17982 | Lair:3   | Reached XP level 13. HP: 94/96 MP: 0/0
 17982 | Lair:3   | Learned a level 5 spell: Fireball
 17982 | Lair:3   | sleeves: i think this must have a bias
 18017 | Lair:3   | Reached skill level 7 in Armour
 18035 | Lair:3   | Reached skill level 9 in Stealth
 18561 | Lair:3   | Reached **** piety under Ashenzari
 19056 | Lair:4   | Reached skill level 10 in Stealth
 19663 | Lair:4   | Found a runed translucent gate.
 19663 | Lair:4   | Noticed an azure jelly
 19664 | Lair:4   | Found a runed translucent gate.
 19664 | Lair:4   | Noticed an acid blob
 19664 | Lair:4   | Noticed a rockslime
 19665 | Lair:4   | Found a runed translucent gate.
 19665 | Lair:4   | Noticed a quicksilver ooze
 19665 | Lair:4   | Noticed TheBeaver's ghost (journeyman DsDe)
 19665 | Lair:4   | Noticed an azure jelly
 19665 | Lair:4   | Noticed an azure jelly
 19665 | Lair:4   | Noticed a great orb of eyes
 19666 | Lair:4   | Noticed an acid blob
 19666 | Lair:4   | Noticed an azure jelly
 19666 | Lair:4   | Noticed an azure jelly
 19666 | Lair:4   | Noticed an azure jelly
 19667 | Lair:4   | Noticed an azure jelly
 19781 | Lair:4   | Found a runed translucent door.
 19854 | Lair:4   | Reached skill level 9 in Fighting
 19854 | Lair:4   | Reached skill level 9 in Spellcasting
 19865 | Lair:4   | HP: 47/99 [elephant (15)]
 20025 | Lair:4   | Reached skill level 11 in Stealth
 20213 | Lair:4   | Found a staircase to the Slime Pits.
 20342 | Lair:4   | Found a viscous altar of Jiyva.
 20360 | Lair:5   | Entered Level 5 of the Lair of Beasts
 20360 | Lair:5   | Noticed a six-headed hydra
 20367 | Lair:5   | Killed a six-headed hydra
 20707 | Lair:5   | Reached XP level 14. HP: 102/106 MP: 0/0
 20924 | Lair:4   | Reached skill level 10 in Fighting
 21490 | Lair:5   | Reached skill level 12 in Stealth
 21587 | Lair:5   | Reached skill level 10 in Spellcasting
 21911 | Lair:5   | Reached skill level 11 in Fighting
 22315 | Orc:1    | Entered Level 1 of the Orcish Mines
 22567 | Orc:2    | Entered Level 2 of the Orcish Mines
 22569 | Orc:2    | Noticed Sonja
 22577 | Orc:2    | Killed Sonja
 22584 | Orc:1    | HP: 53/110 [suicidal targeting (3)]
 22858 | Orc:1    | Found a dark tunnel.
 22913 | Orc:2    | HP: 53/110 [orc warrior/boomerang (5)]
 23051 | Orc:2    | Noticed Josephine
 23061 | Orc:2    | HP: 45/98 [Josephine/ghostly fireball (20)]
 23248 | D:12     | Reached skill level 13 in Stealth
 23323 | D:12     | Noticed Frances
 23484 | D:13     | Reached XP level 15. HP: 108/112 MP: 0/0
 23484 | D:13     | Learned a level 6 spell: Statue Form
 23542 | D:13     | Found a gate to the Vaults.
 23658 | D:13     | Reached skill level 12 in Fighting
 23671 | D:13     | Reached skill level 6 in Dodging
 23744 | D:13     | Reached skill level 8 in Armour
 23772 | D:13     | CougarLife: passed out for a lil bit what spell did you get
 23775 | D:13     | sleeves: it was passage
 23775 | D:13     | sleeves: i also got fireball
 23775 | D:13     | sleeves: and statue
 23775 | D:13     | CougarLife: oh shit
 23775 | D:13     | sleeves: but idk if i need statue
 23825 | D:13     | CougarLife: fireball kinda pog
 23862 | D:13     | CougarLife: easy
 24682 | D:14     | Found a broken altar of Ashenzari.
 24691 | D:14     | Noticed Azrael
 24882 | D:14     | Reached skill level 7 in Dodging
 25194 | D:15     | Entered Level 15 of the Dungeon
 25366 | D:15     | Identified the Atlas of Stormy Battle Magic
 25416 | D:15     | HP: 49/118 [centaur warrior/arrow (21)]
 25438 | D:15     | HP: 58/118 [centaur warrior (4)]
 25838 | Spider:1 | Entered Level 1 of the Spider Nest
 26008 | Swamp:1  | Entered Level 1 of the Swamp
 26182 | Swamp:1  | CougarLife: jessica is a dumb bitch
 26182 | Swamp:1  | CougarLife: she just turned my wolf into a wyvern
 26182 | Swamp:1  | CougarLife: and sealed her fate
 26182 | Swamp:1  | sleeves: lol
 26182 | Swamp:1  | CougarLife: thought i summoned a wyvern for a sec it
                  | happened so quick
 26335 | Swamp:1  | Reached skill level 9 in Armour
 26361 | Swamp:1  | Reached XP level 16. HP: 123/124 MP: 0/0
 26667 | Swamp:2  | Reached skill level 8 in Dodging
 26771 | Swamp:2  | Noticed Jorgrun
 26772 | Swamp:2  | HP: 58/124 [eleionoma/spray of wooden splinters (32)]
 26774 | Swamp:2  | Reached skill level 13 in Fighting
 26986 | Swamp:2  | Killed Jorgrun
 27155 | Swamp:2  | Reached skill level 11 in Spellcasting
 27617 | Swamp:3  | Identified the +1 leather armour of Vus Sairph {rN+}
 27719 | Swamp:3  | CougarLife: wtf is a bunyup
 27720 | Swamp:3  | CougarLife: bunyip
 27720 | Swamp:3  | CougarLife: never seen that b4
 27720 | Swamp:3  | sleeves: idk they hit hard and slow like a jugg
 27720 | Swamp:3  | CougarLife: spooky
 27720 | Swamp:3  | HP: 60/126 [bunyip (8)]
 27795 | Swamp:3  | Reached skill level 10 in Armour
 27970 | Swamp:3  | CougarLife: snake is one of my s branches
 27982 | Swamp:3  | CougarLife: or is
 27989 | Swamp:3  | CougarLife: idr how it works
 28110 | Swamp:4  | Entered Level 4 of the Swamp
 28445 | Swamp:4  | Noticed a thorn hunter
 28455 | Swamp:4  | Killed a thorn hunter
 28601 | Swamp:3  | HP: 64/128 [vampire knight/+0 long sword (26)]
 28684 | Swamp:3  | Reached skill level 14 in Fighting
 28742 | Swamp:4  | Reached XP level 17. HP: 111/133 MP: 0/0
 28742 | Swamp:4  | Learned a level 7 spell: Summon Hydra
 28754 | Swamp:4  | HP: 60/133 [six-headed hydra skeleton (7)]
 28850 | Swamp:4  | Reached skill level 11 in Armour
 28882 | Swamp:4  | HP: 39/133 [bog body/bolt of cold (51)]
 29145 | Swamp:4  | CougarLife: tanked a golem explosion cuz im stupid :)
 29146 | Swamp:4  | CougarLife: im alive tho
 29146 | Swamp:4  | CougarLife: :)
 29146 | Swamp:4  | sleeves: wew
 29147 | Swamp:4  | CougarLife: didnt lose a life but im out of lives cuz i
                  | played stupid earlier
 29154 | Swamp:4  | CougarLife: ill be aight
 29236 | Swamp:4  | sleeves: yike
 29269 | Swamp:4  | CougarLife: 27 headed hydra skeleton
 29269 | Swamp:4  | CougarLife: what happened there
 29269 | Swamp:4  | sleeves: i made a bunch of passage portals
 29269 | Swamp:4  | sleeves: then just spammed fireball
 29269 | Swamp:4  | sleeves: while kitting him
 29269 | Swamp:4  | CougarLife: nice
 29269 | Swamp:4  | sleeves: I wish they would let the djinni learn spells in
                  | themes
 29269 | Swamp:4  | sleeves: or atleast give you a choice of like 2-3 spells to
                  | learn
 29269 | Swamp:4  | sleeves: cuz i end up with some truly random garbage
 29269 | Swamp:4  | CougarLife: cactus boi op
 29269 | Swamp:4  | CougarLife: my man just beat the shit out of a death yak
 29269 | Swamp:4  | sleeves: impressive
 29269 | Swamp:4  | sleeves: im gonna go afk and eat dinner
 29324 | Swamp:4  | Noticed a thorn hunter
 29325 | Swamp:4  | Noticed a thorn hunter
 29326 | Swamp:4  | Noticed a thorn hunter
 29345 | Swamp:4  | Killed a thorn hunter
 29357 | Swamp:4  | Killed a thorn hunter
 29358 | Swamp:4  | Reached skill level 12 in Spellcasting
 29360 | Swamp:4  | Killed a thorn hunter
 29382 | Swamp:4  | Found a blossoming altar of Fedhas.
 29395 | Swamp:4  | Noticed a thorn hunter
 29401 | Swamp:4  | HP: 50/134 [thorn hunter/volley of thorns (28)]
 29402 | Swamp:4  | Killed a thorn hunter
 29526 | Swamp:4  | Found a basalt altar of Yredelemnul.
 29538 | Swamp:4  | Got a decaying rune of Zot
 30347 | D:15     | CougarLife: how does ashenzari even work anymore
 30348 | D:15     | CougarLife: with cursed items not existing
 30348 | D:15     | sleeves: idk
 30348 | D:15     | sleeves: this is my first time on this new new ash
 30348 | D:15     | sleeves: recently got updated
 30348 | D:15     | CougarLife: oh did they change the god?
 30348 | D:15     | sleeves: apparently ash just offers curses
 30348 | D:15     | sleeves: and now the item breaks if u remove it
 30348 | D:15     | sleeves: you can choose what it buffs
 30348 | D:15     | CougarLife: that makes sense lol idk why i thought the god
                  | would just be bricked
 30593 | Orc:2    | Killed Josephine
 30622 | Orc:2    | Identified the cursed +1 pair of gloves of Ashenzari's
                  | Sybil {Self, Cun} (You found it on level 11 of the Dungeon)
 30622 | Orc:2    | Identified the cursed +0 troll leather armour of the Lashed
                  | Ordeal {Regen+, Cun, Melee} (You found it on level 9 of the
                  | Dungeon)
 30697 | Orc:2    | Noticed greynaab's ghost (journeyman KoBe)
 30698 | Orc:2    | Found a transporter.
 30717 | Orc:2    | Found a bloodstained altar of Trog.
 30719 | Orc:2    | Identified the Compendium of the Crypt and Frostbite
 30801 | Orc:2    | Found a staircase to the Elven Halls.
 31209 | Orc:2    | Found a burning altar of Makhleb.
 31247 | Orc:2    | Found Nuefe's Magic Scroll Shoppe.
 31487 | Orc:2    | Reached skill level 12 in Armour
 31725 | Orc:2    | Reached skill level 15 in Fighting
 31773 | Orc:2    | Found Beucul's Antique Armour Shoppe.
 31774 | Orc:2    | Found Weofren's Weapon Boutique.
 31779 | Orc:2    | Found Etugeteas's General Store.
 31781 | Orc:2    | Bought a scroll of blinking for 90 gold pieces
 31818 | Orc:2    | Bought a shadowed robe for 182 gold pieces
 31818 | Orc:2    | Identified the +1 robe "Toloon" {rN+} (You bought it in a
                  | shop on level 2 of the Orcish Mines)
 31821 | Orc:2    | sleeves: alright im going 2 walk just wanted to finish orcs
                  | ill be on later possibly
 31935 | D:8      | Bought a +0 buckler of reflection for 110 gold pieces
 32262 | Spider:1 | Reached skill level 1 in Evocations
 32334 | Spider:1 | HP: 67/135 [wolf spider[a torpor snail] (16)]
 32463 | Spider:1 | Reached skill level 2 in Evocations
 32969 | Spider:2 | Noticed Arachne
 32983 | Spider:2 | HP: 79/170 [Arachne/poison arrow (3)]
 32988 | Spider:2 | HP: 42/170 [Arachne/staff of poison (1)]
 32991 | Spider:2 | Killed Arachne
 33328 | Spider:2 | Acquired a manual of Long Blades
 33397 | Spider:1 | Reached skill level 3 in Evocations
 33478 | Spider:2 | Reached XP level 18. HP: 106/141 MP: 0/0
 33825 | Elf:1    | Entered Level 1 of the Elven Halls
 33832 | Elf:1    | Noticed Agnes
 33869 | Elf:1    | HP: 55/141 [Agnes/+1 vampiric lajatang (23)]
 34035 | D:12     | Killed Frances
 34331 | Vaults:1 | Entered Level 1 of the Vaults
 34358 | Vaults:1 | Reached skill level 13 in Spellcasting
 34723 | Vaults:1 | HP: 10/141 [tengu reaver/bolt of cold (81)]
 34906 | D:13     | CougarLife: ur still alive what are you complaining about
 34986 | D:13     | sleeves: i almost got 1 shot by bolt of cold lol
 34986 | D:13     | CougarLife: just get rc
 34986 | D:13     | CougarLife: :)
 34986 | D:13     | sleeves: lol
 34986 | D:13     | sleeves: nah Im mainly complaining about not being able to
                  | control my spells
 34986 | D:13     | CougarLife: pain
 34986 | D:13     | sleeves: but also sucking at everything else
 35508 | Spider:2 | Noticed Nikola
 35509 | Spider:2 | sleeves: ??infusion
 35509 | Spider:2 | beem: infusion[1/2]: Glove-slot ego adding 0-4 damage
                  | on-hit in exchange for 2 MP each. Added in 0.28.
 35509 | Spider:2 | sleeves: ??infusion[2]
 35509 | Spider:2 | beem: infusion[2/2]: Skald spell that buffs your melee
                  | attacks with 2+(spellpower/25) extra damage (which is then
                  | reduced by monster AC), with a power cap of 25. Drains a
                  | point of MP whenever it deals extra damage. Removed in
                  | 0.26.
 35944 | Spider:4 | Entered Level 4 of the Spider Nest
 36073 | Spider:3 | CougarLife: died in snake
 36073 | Spider:3 | CougarLife: is ok tho im finally free
 36073 | Spider:3 | sleeves: XD
 36073 | Spider:3 | sleeves: rip
 36073 | Spider:3 | CougarLife: now i can try to get better at troll
 36073 | Spider:3 | sleeves: yeah vashia
 36073 | Spider:3 | sleeves: tahts not even fair
 36073 | Spider:3 | CougarLife: so i can eventually go for a 15 rune win with a
                  | trfi
 36073 | Spider:3 | sleeves: what are you god
 36073 | Spider:3 | sleeves: what god
 36073 | Spider:3 | CougarLife: idk i havent started yet lol
 36082 | Spider:3 | CougarLife: i was wondering what god i should go
 36092 | Spider:3 | CougarLife: cuz i know i shouldnt betray oka
 36092 | Spider:3 | CougarLife: his wrath is mean
 36092 | Spider:3 | sleeves: yeah its bad
 36092 | Spider:3 | sleeves: but troll cna prolly take it tbh
 36092 | Spider:3 | sleeves: idk
 36092 | Spider:3 | sleeves: chei is good too
 36092 | Spider:3 | CougarLife: at what point can troll take it tho
 36092 | Spider:3 | sleeves: as soon as you see it probably
 36092 | Spider:3 | sleeves: you just have to play differently
 36092 | Spider:3 | CougarLife: no i mean the wrath of oka
 36092 | Spider:3 | sleeves: I usually switch before im gonna go to abyss
 36092 | Spider:3 | sleeves: so i deal with the wrath in abyss
 36092 | Spider:3 | CougarLife: that sounds like the worst time im ngl
 36092 | Spider:3 | sleeves: its actually the best
 36092 | Spider:3 | CougarLife: dealing with oka wrath in fucking abyss?
 36092 | Spider:3 | sleeves: yeah
 36092 | Spider:3 | CougarLife: that sounds like worst case scenario lmao
 36092 | Spider:3 | sleeves: you just tp away
 36092 | Spider:3 | sleeves: and never see em again
 36092 | Spider:3 | CougarLife: oh true
 36092 | Spider:3 | CougarLife: that assumes you have a lot of tp scrolls
 36092 | Spider:3 | sleeves: but the new abyss
 36092 | Spider:3 | sleeves: might change that
 36092 | Spider:3 | sleeves: apparently you enter the last place you got out
 36092 | Spider:3 | sleeves: so it could be bad
 36092 | Spider:3 | sleeves: Ru is also another good god for troll
 36092 | Spider:3 | CougarLife: can u go 15 runes with just ru
 36092 | Spider:3 | sleeves: but yeah I dont think going oka is that necessary
 36092 | Spider:3 | CougarLife: prolly not with troll
 36092 | Spider:3 | sleeves: chei right off the bat is good
 36092 | Spider:3 | CougarLife: troll stronk
 36092 | Spider:3 | CougarLife: whats cheis wrath lik
 36092 | Spider:3 | CougarLife: like
 36092 | Spider:3 | CougarLife: or do you just stick with chei through all 15
 36092 | Spider:3 | sleeves: you would take chei to late game
 36092 | Spider:3 | CougarLife: interesting
 36092 | Spider:3 | sleeves: at that point your so strong
 36092 | Spider:3 | sleeves: and chei int boost is really good for troll
 36092 | Spider:3 | sleeves: cuz your gonna want statue
 36092 | Spider:3 | sleeves: and necro spells
 36092 | Spider:3 | sleeves: you basically just go in the branches and kill
                  | everything and if you get close to dying
 36092 | Spider:3 | sleeves: use revivification
 36092 | Spider:3 | sleeves: or deaths door
 36092 | Spider:3 | sleeves: and you can use necromutation possibly
 36092 | Spider:3 | sleeves: if you get int items + chei int boost
 36092 | Spider:3 | CougarLife: mmm
 36092 | Spider:3 | CougarLife: interesting
 36092 | Spider:3 | CougarLife: i need to get better at clearing lair on troll
 36092 | Spider:3 | sleeves: its basically just did you get any throwing
                  | weapons
 36092 | Spider:3 | CougarLife: yeah i mean you want throwing lvls too
 36092 | Spider:3 | CougarLife: but balancing your throwing lvls with fighting
                  | unarmed and shield
 36092 | Spider:3 | sleeves: i think its just get UC and throwing to 15-16
                  | first
 36092 | Spider:3 | CougarLife: you dont lvl fighting?
 36092 | Spider:3 | sleeves: a little bit
 36092 | Spider:3 | sleeves: but mainly just get UC and throwing
 36092 | Spider:3 | CougarLife: no shield?
 36092 | Spider:3 | sleeves: also since troll is large you can wear a buckler
                  | for free
 36092 | Spider:3 | CougarLife: yeah you start with one in fighter
 36092 | Spider:3 | sleeves: and kite shield takes barley any shield investment
 36092 | Spider:3 | sleeves: so you dont need to lvl shield
 36092 | Spider:3 | sleeves: unless you find a crazy kite shield
 36092 | Spider:3 | sleeves: or tower
 36092 | Spider:3 | CougarLife: you dont lvl it at all?
 36092 | Spider:3 | sleeves: you do just not early game
 36092 | Spider:3 | CougarLife: i mean i would prolly wait to lvl it until im
                  | comfy with 15 throwing
 36092 | Spider:3 | CougarLife: lvling properly is like the hardest thing for
                  | me
 36092 | Spider:3 | CougarLife: on melees
 36092 | Spider:3 | sleeves: you mainly want to get your weapon delay as low as
                  | possible first
 36092 | Spider:3 | sleeves: if your playing a hybrid style like that
 36129 | Spider:3 | CougarLife: so am i putting all my points into int then?
 36130 | Spider:3 | sleeves: yeah
 36130 | Spider:3 | sleeves: you gain str regardless
 36130 | Spider:3 | sleeves: and with chei your str is gonna be stupid anyways
 36130 | Spider:3 | sleeves: not much more to gain
 36130 | Spider:3 | sleeves: but int will help you cast
 36130 | Spider:3 | CougarLife: oh man
 36130 | Spider:3 | CougarLife: i cant imagine
 36130 | Spider:3 | CougarLife: with chei stat boosts
 36130 | Spider:3 | CougarLife: how much damage these fucking rocks will do
 36130 | Spider:3 | CougarLife: fucking christ
 36130 | Spider:3 | sleeves: yeah throwing asteroids at that point
 36275 | Spider:3 | sleeves: i kinda want to just die
 36275 | Spider:3 | sleeves: i hate djinn
 36283 | Spider:3 | sleeves: i wish i just had mephetic cloud
 36283 | Spider:3 | sleeves: lief would be ez
 36431 | Spider:3 | Reached skill level 4 in Evocations
 36798 | Spider:4 | sleeves: yeah okay this ending is not doable for me
 36954 | Lair:2   | CougarLife: whats your plan
 36954 | Lair:2   | sleeves: i dont have one
 36954 | Lair:2   | sleeves: im just fighting for my life
 37163 | D:14     | CougarLife: lmao
 37371 | D:15     | Reached skill level 5 in Evocations
 37420 | D:15     | Found a staircase to the Depths.
 37605 | D:15     | Reached skill level 14 in Spellcasting
 38041 | D:14     | Killed Azrael
 38350 | D:10     | Reached skill level 6 in Evocations
 38364 | D:10     | Killed RevDB's ghost
 38365 | D:10     | HP: 64/143 [two-headed ogre/the +6 dire flail of
                  | Evisceration {flame, Fly rElec rC+ rCorr Stlth-} (17)]
 38610 | Vaults:1 | Identified the ring of Adegypro {rPois rCorr SInv}
 38700 | Vaults:1 | Noticed Asterion
 38871 | Vaults:1 | Reached skill level 7 in Evocations
 39109 | Vaults:1 | Reached XP level 19. HP: 146/147 MP: 0/0
 39109 | Vaults:1 | Learned a level 7 spell: Storm Form
 39109 | Vaults:1 | sleeves: yeah this is just stupid
 39109 | Vaults:1 | sleeves: why do i have these
 39114 | Vaults:1 | Identified the cursed +0 helmet of the Wild Blue Yonder
                  | {Evo, Cun} (You found it on level 5 of the Dungeon)
 39212 | Vaults:1 | Noticed Saint Roka
 39330 | Vaults:1 | HP: 64/147 [Saint Roka/divine providence (16)]
 39337 | Vaults:1 | HP: 55/147 [Saint Roka/divine providence (12)]
 39427 | Vaults:1 | Killed Saint Roka
 39745 | Vaults:1 | Reached skill level 8 in Evocations
 39746 | Vaults:1 | CougarLife: hows it been going
 39876 | Vaults:1 | CougarLife: was watchin a stream for a bit
 39876 | Vaults:1 | sleeves: idk i got two tranmutation spell
 39876 | Vaults:1 | sleeves: kinda upset about that
 39889 | Vaults:1 | CougarLife: which ones
 39895 | Vaults:1 | sleeves: statue and storm
 40026 | Vaults:1 | CougarLife: u dont want either of those??/
 40061 | Vaults:1 | sleeves: statue is okay
 40061 | Vaults:1 | sleeves: but i really dont need it for what i was trying to
                  | do
 40143 | Vaults:1 | Found Tename's General Store.
 40151 | Vaults:1 | sleeves: also this game is trolling me
 40151 | Vaults:1 | sleeves: good thing i knew it was
 40273 | Vaults:1 | Identified the +0 chain mail of the Salmon {+Blink Will+
                  | Int+5 Stlth+}
 40697 | Vaults:1 | Killed Asterion
 40698 | Vaults:1 | Reached skill level 15 in Spellcasting
 40820 | Vaults:1 | HP: 49/147 [ironbound frostheart/creeping frost (33)]
 41570 | Vaults:2 | Reached skill level 14 in Stealth
 41570 | Vaults:2 | Reached skill level 9 in Evocations
 41570 | Vaults:2 | HP: 71/150 [centaur warrior/arrow (18)]
 42256 | Vaults:2 | Reached ***** piety under Ashenzari
 42391 | Vaults:2 | Reached skill level 10 in Evocations
 42458 | Vaults:2 | Reached XP level 20. HP: 150/162 MP: 0/0
 42758 | Vaults:2 | Reached skill level 11 in Evocations
 42874 | Vaults:2 | Noticed Ukiefoc's ghost (adept DrFE)
 42875 | Vaults:2 | Found a transporter.
 43287 | Vaults:2 | Found Turghacku's General Store.
 43391 | Vaults:2 | Reached skill level 12 in Evocations
 43573 | Vaults:2 | Found a transporter.
 43937 | Vaults:3 | HP: 63/162 [orc warlord/+0 battleaxe (35)]
 43943 | Vaults:2 | HP: 49/162 [orc knight/+3 vorpal war axe (20)]
 44550 | Vaults:3 | Found the +15 Maxwell's patent armour {-Cast -Tele rElec
                  | Will+ rCorr}
 44624 | Vaults:3 | Reached skill level 13 in Evocations
 44802 | Vaults:3 | HP: 77/162 [ironbound preserver/+0 morningstar (19)]
 44804 | Vaults:3 | Reached skill level 4 in Shields
 44905 | Vaults:3 | Found a staircase to the Crypt.
 45581 | Vaults:3 | HP: 68/162 [yaktaur captain/bolt (31)]
 45584 | Vaults:3 | HP: 26/162 [yaktaur captain/bolt (26)]
 45585 | Vaults:3 | CougarLife: 26 hp not lookin good
 45585 | Vaults:3 | sleeves: i really dont wanna use my blink
 45585 | Vaults:3 | sleeves: i dont think he can attack if i move tho
 45585 | Vaults:3 | sleeves: i think at max range they prefer to move
 45585 | Vaults:3 | sleeves: than attack
 45585 | Vaults:3 | sleeves: should i do it for science
 45588 | Vaults:3 | sleeves: he cant
 45619 | Vaults:2 | sleeves: im just tooo smart
 45784 | Vaults:3 | sleeves: nvm
 45784 | Vaults:3 | sleeves: too dumb finger hit wrong button
 45917 | Vaults:3 | Reached XP level 21. HP: 157/168 MP: 0/0
 45917 | Vaults:3 | Learned a level 7 spell: Enfeeble
 45917 | Vaults:3 | sleeves: oh yeah no of course enfeeble is the spell
 45971 | Vaults:3 | Reached skill level 14 in Evocations
 46213 | Vaults:3 | Identified the cursed +1 robe "Shackled Together" {Will+,
                  | Fort, Self} (You took it off an orc sorcerer on level 15 of
                  | the Dungeon)
 46214 | Vaults:3 | HP: 65/168 [centaur warrior/arrow (21)]
 46673 | Vaults:3 | CougarLife: you lived tho pog
 46866 | Vaults:4 | Reached skill level 15 in Evocations
 47165 | Vaults:4 | Noticed Zenata
 47186 | Vaults:4 | Killed Zenata
 47248 | Vaults:4 | Noticed Margery
 47750 | Vaults:4 | Killed Margery
 47950 | Vaults:4 | Reached skill level 16 in Evocations
 49256 | Orc:2    | Found a transporter.
 49378 | Orc:2    | Killed Agnes
 49440 | Elf:1    | Reached skill level 17 in Evocations
 49584 | Elf:1    | Reached skill level 5 in Shields
 49933 | Elf:1    | Reached XP level 22. HP: 151/175 MP: 0/0
 50024 | Elf:1    | Found Notecriu's Armour Shoppe.
 50168 | Elf:1    | Reached skill level 6 in Shields
 50403 | Elf:1    | Identified Roxanne's Almanac of Evolution
 50403 | Elf:1    | Noticed Roxanne
 50408 | Elf:1    | Reached XP level 23. HP: 176/180 MP: 0/0
 50408 | Elf:1    | Learned a level 8 spell: Lehudib's Crystal Spear
 50679 | Elf:2    | Found Vuaharoe's Book Shoppe.
 50826 | Elf:2    | Reached skill level 16 in Spellcasting
 50830 | Elf:2    | Identified the +2 robe of the Unbroken {Str+3}
 50853 | Elf:2    | Reached skill level 7 in Shields
 51224 | Elf:2    | Found a runed translucent gate.
 51224 | Elf:2    | Found a runed translucent gate.
 51224 | Elf:2    | Found a runed translucent gate.
 51492 | Elf:2    | CougarLife: is it worth it
 51492 | Elf:2    | sleeves: im trying to think if theres a way
 51492 | Elf:2    | sleeves: but it doesnt seem so
 51492 | Elf:2    | sleeves: i could try to bait em out with portals tho
 51521 | Elf:2    | sleeves: o wtf i didnt know i could have 2
 51618 | Elf:2    | Reached skill level 8 in Shields
 52036 | Elf:2    | sleeves: pog
 52043 | Elf:2    | sleeves: this actually might be good..
 52249 | Elf:2    | sleeves: quick blade of distortion
 52250 | Elf:3    | Entered Level 3 of the Elven Halls
 52261 | Elf:3    | Identified the Vellum of Black Rituals
 52516 | Elf:3    | Reached skill level 9 in Shields
 52615 | Elf:3    | Identified the +7 great sword "Domikot" {chaos, Str+2}
 52616 | Elf:3    | Found a shimmering altar of Xom.
 52616 | Elf:3    | Noticed Soammui's ghost (adept MiBe)
 52617 | Elf:3    | Found a runed translucent door.
 52842 | Elf:3    | Found a frozen archway.
 52849 | IceCv    | Entered an ice cave
 53453 | IceCv    | Reached skill level 10 in Shields
 53453 | IceCv    | Noticed a shard shrike
 53457 | IceCv    | HP: 103/227 [ironbound frostheart/creeping frost (42)]
 53597 | IceCv    | HP: 86/180 [shard shrike/shard of ice (75)]
 53597 | IceCv    | HP: 27/180 [shard shrike (47)]
 54089 | Elf:3    | Reached XP level 24. HP: 128/187 MP: 0/0
 54225 | Elf:3    | Reached skill level 17 in Spellcasting
 54470 | Elf:3    | Reached skill level 11 in Shields
 54572 | Elf:3    | Identified the +3 scimitar "Atahaac" {flame, Dex+4}
 54572 | Elf:3    | Identified the ring of Rasogeuve {rF+ rN+ AC+4 Str-5 Dex+4}
 54784 | Elf:3    | Identified Gyixuofu's Guide on Spelunking
 54787 | Elf:3    | Identified the Discourse on Gritty Gusts
 54791 | Elf:3    | Identified the +3 scale mail "Lunamn Cove" {rF+ Int+5
                  | Stlth+}
 54792 | Elf:3    | Found the +10 Black Knight's barding {ponderous, rPois rN+}
 54819 | Elf:3    | Identified the +3 ring mail of the Nexus {Harm rC- Will+
                  | Stlth+}
 54819 | Elf:3    | Identified a lightning rod (4/4)
 55209 | Depths:1 | Entered Level 1 of the Depths
 55771 | Depths:1 | Found a blossoming altar of Fedhas.
 55863 | Depths:1 | Reached skill level 13 in Armour
 55873 | Depths:1 | HP: 84/183 [frost giant/bolt of cold (40)]
 56061 | Depths:1 | Reached skill level 12 in Shields
 56152 | Depths:1 | Found a one-way gate to the infinite horrors of the Abyss.
 56259 | Depths:1 | Found a gateway to Hell.
 56626 | Depths:1 | Acquired a manual of Armour
 56881 | Depths:2 | Found Vebocal's Antique Armour Emporium.
 56884 | Depths:2 | Found Puenamet's Antique Weapon Shoppe.
 56886 | Depths:2 | Found Macilut's Armour Emporium.
 57103 | Depths:2 | Reached skill level 12 in Long Blades
 57163 | Depths:2 | Reached skill level 14 in Armour
 57510 | Depths:2 | Found a one-way gate leading to the halls of Pandemonium.
 58139 | Depths:2 | Reached XP level 25. HP: 176/191 MP: 0/0
 58139 | Depths:2 | Learned a level 8 spell: Maxwell's Capacitive Coupling
 58758 | Depths:3 | Reached skill level 13 in Long Blades
 58822 | Depths:3 | Reached skill level 13 in Shields
 58853 | Depths:3 | Reached skill level 15 in Armour
 59067 | Depths:3 | Paralysed by a floating eye for 3 turns
 59597 | Depths:3 | Noticed Xtahua
 59618 | Depths:3 | Reached skill level 16 in Armour
 59663 | Depths:3 | Killed Xtahua
 59671 | Depths:3 | Noticed a juggernaut
 59709 | Depths:3 | Identified the cursed scarf of Panopticon {rC+ rF+, Self,
                  | Fort} (You found it on level 10 of the Dungeon)
 59709 | Depths:3 | Identified the cursed +2 hat of Ashenzari's Portent
                  | {Stlth+, Fort, Cun} (You found it in an ice cave)
 59718 | Depths:3 | Killed a juggernaut
 59753 | Depths:3 | CougarLife: 2 hydras
 59754 | Depths:3 | CougarLife: thats not even fair
 59754 | Depths:3 | sleeves: its pretty sick
 59754 | Depths:3 | sleeves: this build somehow works lmao
 59754 | Depths:3 | sleeves: i just enfeeble them
 59754 | Depths:3 | CougarLife: now get malign gateway
 59754 | Depths:3 | sleeves: then my 2 bois wail on em
 59754 | Depths:3 | sleeves: I have one more spell to get
 59754 | Depths:3 | sleeves: and it will be lvl9
 59754 | Depths:3 | sleeves: who knows waht it will be
 59754 | Depths:3 | sleeves: i got maxwells tho
 59759 | Depths:3 | CougarLife: idk what lvl 9 spells there are
 59764 | Depths:3 | CougarLife: i havent dabbled in spells enouggh
 59764 | Depths:3 | sleeves: praying for fire storm or something
 59797 | Depths:3 | CougarLife: oh you meant
 59843 | Depths:3 | CougarLife: from djinni
 59844 | Depths:3 | CougarLife: i see
 59850 | Depths:3 | sleeves: hurling gloves
 59850 | Depths:3 | sleeves: always when you dont want em
 59911 | Depths:3 | Noticed Louise
 59920 | Depths:3 | Killed Louise
 60169 | Depths:3 | Reached skill level 14 in Shields
 60385 | Depths:4 | Entered Level 4 of the Depths
 60402 | Depths:4 | Noticed a juggernaut
 60699 | Depths:4 | Reached skill level 17 in Armour
 60840 | Depths:4 | Killed a juggernaut
 61302 | Depths:4 | Found a gate to the Realm of Zot.
 61504 | Depths:4 | Reached skill level 18 in Armour
 61751 | Depths:4 | Found a one-way gateway to a ziggurat.
 61878 | Depths:4 | Reached skill level 15 in Shields
 62555 | Lair:4   | Reached XP level 26. HP: 159/200 MP: 0/0
 62708 | Lair:4   | Killed TheBeaver's ghost
 62793 | Lair:4   | Reached skill level 18 in Spellcasting
 62968 | Slime:1  | Entered Level 1 of the Pits of Slime
 63279 | Slime:5  | Entered Level 5 of the Pits of Slime
 63295 | Slime:5  | Reached skill level 19 in Armour
 63482 | Slime:5  | Found a viscous altar of Jiyva.
 63498 | Slime:5  | Noticed the Royal Jelly
 63498 | Slime:5  | Identified the +0 pair of gloves "Xeyso" {Drain Regen+
                  | Dex+6}
 63688 | Slime:4  | Gained mutation: You are dopey. (Int -2) [a shining eye]
 63705 | Slime:4  | Gained mutation: You are frail. (-10% HP) [a shining eye]
 63885 | Slime:5  | Reached skill level 15 in Stealth
 63936 | Slime:5  | Gained mutation: You are very frail. (-20% HP) [a shining
                  | eye]
 64043 | Slime:5  | Killed the Royal Jelly
 64375 | Slime:5  | HP: 89/202 [rockslime (19)]
 64496 | Slime:4  | HP: 92/202 [azure jelly[the Royal Jelly] (6)]
 64681 | Slime:5  | Identified a lightning rod (4/4)
 64682 | Slime:5  | Found the +7 sceptre of Torment {pain, torment}
 64683 | Slime:5  | Found the +7 Singing Sword {vorpal, sonic wave}
 64740 | Slime:5  | Identified Uhautzi's Grimoire of Peregrination and
                  | Fascination
 64741 | Slime:5  | Identified the +2 scimitar of Sin {vorpal, Dex+4}
 64754 | Slime:5  | Got a slimy rune of Zot
 64769 | Slime:5  | Found the +4 Cigotuvi's embrace {rMiasma Drain rN+}
 64769 | Slime:5  | Found the +3 pair of mountain boots {steadfast, rC+}
 65064 | Spider:2 | Killed Nikola
 65569 | Spider:4 | Reached skill level 20 in Armour
 65572 | Spider:4 | Reached skill level 18 in Evocations
 66120 | Spider:4 | Identified the +0 hat of Refuge {rPois Str+3 Int+2}
 66272 | Spider:4 | Got a gossamer rune of Zot
 66863 | Crypt:1  | Entered Level 1 of the Crypt
 66890 | Crypt:1  | HP: 54/160 [torment (42)]
 67207 | Crypt:1  | Reached XP level 27. HP: 160/164 MP: 0/0
 67207 | Crypt:1  | Learned a level 9 spell: Death's Door
 67287 | Crypt:1  | Reached skill level 19 in Evocations
 67485 | Crypt:1  | HP: 79/210 [??? (18)]
 67493 | Crypt:1  | HP: 43/210 [fire giant skeleton (10)]
 68276 | Crypt:2  | CougarLife: what is your lvl 9 spell
 68379 | Crypt:2  | Reached skill level 19 in Spellcasting
 68541 | Crypt:2  | Reached skill level 20 in Evocations
 68900 | Crypt:3  | Entered Level 3 of the Crypt
 69425 | Crypt:3  | Reached skill level 16 in Shields
 69436 | Crypt:3  | sleeves: deaths door
 69436 | Crypt:3  | sleeves: not bad but also like why
 69438 | Crypt:3  | CougarLife: lmao
 69438 | Crypt:3  | CougarLife: true
 69500 | Crypt:3  | Identified the +2 robe of Wonder {Slay+2}
 69655 | Crypt:3  | Identified the +10 lajatang of Post {speed, rElec Int+4}
 69874 | Crypt:3  | Identified the +3 lajatang "Roaloff" {vamp, Int+5}
 69876 | Crypt:3  | Identified the ring of Desertification {rN+ Will++}
 69876 | Crypt:3  | Identified the ring of the Iron Devil {rPois rN+ rCorr
                  | Int-5}
 69876 | Crypt:3  | Identified the ring "Veutaown" {rF+ rN+ Will+ Dex-5 SInv}
 69895 | Crypt:3  | CougarLife: ok
 69895 | Crypt:3  | CougarLife: 5 am
 69895 | Crypt:3  | CougarLife: time to sleep
 69895 | Crypt:3  | sleeves: c ya
 69895 | Crypt:3  | CougarLife: gl in your endeavor
 69895 | Crypt:3  | sleeves: thx
 69895 | Crypt:3  | CougarLife: ur close to winning tho
 69895 | Crypt:3  | CougarLife: prolly can with the setup you got
 69895 | Crypt:3  | sleeves: yeah hopefully
 69895 | Crypt:3  | sleeves: tho i think OOF is gonna be a problem
 69903 | Crypt:3  | sleeves: actually nvm i forgot i have LCS and maxwells
 70083 | Crypt:3  | Identified a lightning rod (4/4)
 70229 | Crypt:3  | Found a staircase to the Tomb.
 70229 | Crypt:3  | Identified the ring of Xom's Malicious Joy {Ice rPois
                  | Int+3}
 70229 | Crypt:3  | Identified the +11 scimitar of the Arena {vorpal, +Blink
                  | Str-3 Dex+3}
 70890 | Zot:1    | Entered Level 1 of the Realm of Zot
 71025 | Zot:1    | HP: 76/164 [white draconian stormcaller/blast of cold[a red
                  | draconian scorcher] (23)]
 71073 | Depths:4 | Lost mutation: You are dopey. (Int -2) [potion of mutation]
 71073 | Depths:4 | Lost mutation: You are very frail. (-20% HP) [potion of
                  | mutation]
 71073 | Depths:4 | Lost mutation: You are frail. (-10% HP) [potion of
                  | mutation]
 71073 | Depths:4 | Gained mutation: You are agile. (Dex +4, Str/Int -1)
                  | [potion of mutation]
 71516 | Zot:1    | Reached skill level 17 in Shields
 71608 | Zot:1    | Reached skill level 14 in Long Blades
 72079 | Zot:1    | Reached skill level 21 in Armour
 72623 | Zot:2    | Noticed an orb of fire
 72735 | Zot:2    | Reached skill level 20 in Spellcasting
 73329 | Zot:2    | Killed an orb of fire
 74223 | Zot:3    | Noticed an orb of fire
 74239 | Zot:3    | Killed an orb of fire
 74318 | Zot:3    | Reached skill level 18 in Shields
 74537 | Zot:4    | Noticed a Killer Klown
 74632 | Zot:3    | Killed a Killer Klown
 74663 | Zot:4    | Reached skill level 21 in Evocations
 74678 | Zot:3    | HP: 105/211 [red draconian scorcher/searing blast (1)]
 74774 | Zot:4    | Reached skill level 16 in Fighting
 74835 | Zot:4    | Acquired a manual of Long Blades
 75092 | Zot:3    | HP: 136/273 [storm dragon (1)]
 75099 | Zot:3    | HP: 130/273 [storm dragon (1)]
 75483 | Zot:4    | Identified the Spellbook of the Grounded Voyage
 75718 | Zot:5    | Entered Level 5 of the Realm of Zot
 76042 | Zot:5    | Noticed an ancient lich
 76257 | Zot:5    | Reached ****** piety under Ashenzari
 76336 | Zot:5    | Noticed an ancient lich
 76348 | Zot:5    | Banished an ancient lich
 76392 | Zot:5    | Noticed an ancient lich
 76422 | Zot:5    | Banished an ancient lich
 76555 | Zot:5    | Noticed an orb of fire
 76564 | Zot:5    | Banished an orb of fire
 76603 | Zot:5    | Reached skill level 19 in Shields
 76669 | Zot:5    | Reached skill level 17 in Fighting
 76684 | Zot:5    | Identified the cursed +8 ice dragon scales of Ashenzari's
                  | Burden {rF- rC++, Range, Fort} (You found it on level 4 of
                  | the Depths)
 76720 | Zot:5    | Noticed a dread lich
 76723 | Zot:5    | Noticed an orb of fire
 76727 | Zot:5    | Killed a dread lich
 76728 | Zot:5    | Reached skill level 22 in Evocations
 76735 | Zot:5    | Noticed a Killer Klown
 76774 | Zot:5    | Lost mutation: You are agile. (Dex +4, Str/Int -1) [an orb
                  | of fire]
 76794 | Zot:5    | Killed an orb of fire
 76919 | Zot:5    | Killed a Killer Klown
 77179 | Zot:5    | Got the Orb of Zot
 77406 | Depths:4 | Noticed Ginaff the pandemonium lord
 77731 | D:3      | Noticed Leomnety the pandemonium lord
 77767 | D:2      | Banished Leomnety the pandemonium lord
 77814 | D:$      | Escaped with the Orb!

Illustrated notes

Levels and vault maps discovered:
D:1:      minmay_arrival_arboretum_small, layout_rooms,
          dreamdust_ecumenical_altar_drowned_temple, minmay_pentomino_r2
D:2:      layout_rooms, kennysheep_flooded_box, fountainhead
D:3:      layout_rooms, nicolae_hepliaklqana_hippocampus, led_sif_book,
          serial_shops, shop, palyth_stone_intersect, corexii_corridor_pit
D:4:      layout_loops_corners
D:5:      layout_layer_cave, grunt_gozag_breadcrumbs
D:6:      layout_loops_corners, mainiacjoe_overflow_24_doors,
          overflow_temple_1_default, minmay_temple_entry_sparse_star,
          minmay_misc_feat_secret_circle, hex_medium
D:7:      layout_basic
D:8:      layout_loops_ring, serial_shops, nicolae_shop_behind_doors,
          minivault_5, st_stairs_3
D:9:      layout_rooms, tso_altar, david_lair_shrubbed, zombieorc2_lemuel
D:10:     layout_layer_cave, zin_academy, gammafunk_ghost_smash,
          hangedman_decor_slide_cut
D:11:     layout_basic, serial_shops, nicolae_shop_bloodbath_and_beyond,
          chequers_serial_rivers_small_a
D:12:     layout_cave_pools, uniq_frances
D:13:     layout_loops_cross, lightli_vaults_fourway_checkpoint,
          elves_outpost_lemuel
D:14:     layout_stronghold, nicolae_ashenzari_panopticon, uniq_azrael
D:15:     grunt_enter_depths_giant_problem, layout_loops_corners,
          nrook_pool_corridor, minmay_mirror_moons_of_madness
Temple:   hellmonk_temple_divided_pantheon
Lair:1:   layout_roguey
Lair:2:   layout_cave_shapes, palyth_hydra_swamp_entry,
          spider_nest_entry_rubble, forest_entry_grove, serial_bayou_shore_a
Lair:3:   layout_cave_pods
Lair:4:   layout_loops_ring, slime_entry_2, gammafunk_ghost_ooze,
          infiniplex_staircase_pool_2
Lair:5:   minmay_lair_end_enchanted_forest, layout_loops_ring,
          grunt_megastairs_3
Swamp:1:  layout_basic_swamp, nicolae_swamp_big_swirl, swamp_pool4
Swamp:2:  layout_basic_swamp, nicolae_swamp_very_dense_foliage, uniq_jorgrun
Swamp:3:  layout_falls_marsh, hangedman_swamp_pad, swamp_pool1
Swamp:4:  byrel_swamp_growth_death_and_undeath, layout_basic_swamp, swamp_pool4
Spider:1: layout_spider_delve, hangedman_spider_tarantella_strand
Spider:2: layout_spider_delve, uniq_nikola, uniq_arachne
Spider:3: layout_spider_delve
Spider:4: floodkiller_spider_rune_tomb, nicolae_spider_bzzzt
Slime:1:  layout_caves
Slime:2:  layout_caves
Slime:3:  layout_caves
Slime:4:  layout_caves
Slime:5
Orc:1:    layout_caves, nicolae_volcano_entry_lava_flow, basic_altar
Orc:2:    st_orc_elflike, layout_caves, basic_altar,
          gammafunk_ghost_wrathful_warriors, uniq_josephine, uniq_sonja
Elf:1:    layout_gridlike, mu_enter_wizlab_3, serial_shops, shop, minivault_28,
          grunt_megastairs_2, uniq_agnes, uniq_roxanne, uniq_louise
Elf:2:    nicolae_elf_blades_splatter_lattice
          [nicolae_blade_entry_floor_patterns], layout_geoelf_diagonals,
          serial_shops, nicolae_stop_n_shop_1, minivault_27,
          nicolae_concentric_dashed_squares_wild
Elf:3:    minmay_elf_hall_x, layout_gridlike,
          portal_ice_cave_entry_horrid_things, ebering_ghost_xom,
          minmay_elf_necromancy
Vaults:1: ontoclasm_vaults_misaligned, nicolae_vaults_what_the_h,
          v_alt_pattern_5, nicolae_vaults_ring_of_whatevers,
          nicolae_vaults_sealed_display, st_star, layout_vaults_omnigrid,
          serial_shops, nicolae_shop_behind_doors, uniq_asterion,
          uniq_saint_roka
Vaults:2: gammafunk_ghost_arena, hangedman_vaults_trim,
          vaults_standard_mumra_lines, vaults_room_boxed,
          hangedman_vaults_corner_blocks, vaults_room_fancy_cross,
          vaults_mumra_bighexcomb, v_alt_pattern_3, v_misc_10,
          nicolae_vaults_little_squares_2, v_misc_28, layout_vaults_omnibox,
          serial_shops, nicolae_lakefront_shop
Vaults:3: nicolae_vaults_network_star, minmay_crypt_entry_nasty_monster,
          nicolae_vaults_network_quinsquares
          [nicolae_vaults_network_quincunx_subvault,
          nicolae_vaults_network_quincunx_subvault,
          nicolae_vaults_network_quincunx_subvault,
          nicolae_vaults_network_quincunx_subvault], v_misc_2, v_pattern_2,
          hangedman_vaults_capsules, hangedman_vaults_stagger, v_misc_22,
          ontoclasm_vaults_gateway, nicolae_vaults_little_squares_1,
          st_smaller_cells, layout_vaults_big_cross
Vaults:4: v_misc_27, hangedman_vaults_corner, v_pattern_3,
          ontoclasm_vaults_ligature, vaults_room_guarded_vault, v_misc_8,
          nicolae_vaults_little_squares_4, vaults_room_corners,
          vaults_room_pools, layout_vaults_chaotic_city, serial_shops,
          uniq_zenata, uniq_margery
Crypt:1:  layout_misc_corridors, tombwall_bobbens,
          grunt_crypt_arrival_guarded_gate
Crypt:2:  layout_regular_city, lemuel_nasty_fountain, grunt_megastairs_5,
          lemuel_elevator, lemuel_upstairs_altar
Crypt:3:  grunt_crypt_end_deaths_head
Depths:1: layout_gridlike, kennysheep_cross_bottleneck, abyss_entry_crystal,
          hangedman_coc_ice_floe, chequers_serial_rivers_marsh,
          minmay_misc_feat_hallway, minmay_tree_intersection,
          minmay_curled_crystal, minmay_gold_behind_fungi,
          nicolae_lava_and_water, fedhas_altar_4, firewood_loft
Depths:2: minmay_blocking_statues, layout_basic, minmay_room_of_horrors,
          grunt_pan_entry_spiral, grunt_hell_entry_dis_mu, serial_bayou_shore_b,
          minmay_shop_star
Depths:3: hangedman_arch_fort, layout_honeycomb,
          nicolae_abyss_entry_one_way_or_another, lightli_too_deep,
          infiniplex_staircase_diamond, uniq_xtahua
Depths:4: grunt_zot_entry_gee_three, layout_cave_pools, enter_ziggurat_d,
          pf_hell_entry_great_geh, grunt_pan_entry_in_and_out
Zot:1:    layout_onion_interference
Zot:2:    layout_twisted_circle, hangedman_zot_gyre
Zot:3:    layout_misc_corridors, grunt_megastairs_1
Zot:4:    layout_misc_corridors, st_small_dragon_hoard_3
Zot:5:    layout_cathedral_of_symmetry, st_stairs_9

Skill      XL: |  1  2  3  4  5  6  7  8  9 10 11 12 13 14 15 16 17 18 19 20 21 22 23 24 25 26 27 |
---------------+----------------------------------------------------------------------------------+-----
Long Blades    | 2 3 4 5 6 8 9 10 11 12 13 14 | 14.1
Spellcasting   | 1 2 4 5 6 7 8 9 10 11 12 14 15 16 17 18 20 | 20.6
Stealth        | 4 7 8 11 13 14 15 | 15.3
Fighting       | 4 6 7 8 9 11 12 14 15 17 | 17.9
Dodging        | 4 5 7 8 |  8.8
Armour         | 5 6 7 9 10 12 14 18 20 21 | 21.9
Evocations     | 3 7 10 13 17 18 22 | 22.6
Shields        | 4 5 6 10 12 15 19 | 19.1

Action                   |  1- 3 |  4- 6 |  7- 9 | 10-12 | 13-15 | 16-18 | 19-21 | 22-24 | 25-27 || total
-------------------------+-------+-------+-------+-------+-------+-------+-------+-------+-------++-------
Melee: Long sword        |    86 |       |       |       |       |     3 |    10 |       |       ||    99
       Trident           |       |   140 |    47 |       |       |       |       |       |       ||   187
       Rapier            |       |       |   110 |     5 |       |       |       |       |       ||   115
       Falchion          |       |       |    19 |    27 |    24 |       |       |       |       ||    70
       Dagger            |       |       |       |     8 |    38 |    92 |    74 |    74 |   726 ||  1012
       Scimitar          |       |       |       |       |       |    42 |    14 |       |       ||    56
       Staff             |       |       |       |       |       |       |    22 |     3 |    21 ||    46
       Quick blade       |       |       |       |       |       |       |       |       |   804 ||   804
       Double sword      |       |       |       |       |       |       |       |       |    10 ||    10
Throw: Dart              |       |       |     6 |       |       |       |       |       |       ||     6
 Cast: Foxfire           |       |       |   117 |   434 |   453 |   177 |    21 |       |       ||  1202
       Scorch            |       |       |    73 |   238 |   370 |   262 |    62 |    11 |     7 ||  1023
       Gell's Gravitas   |       |       |     3 |     4 |    10 |    12 |     1 |       |       ||    30
       Sticky Flame      |       |       |     1 |    39 |   101 |    60 |    38 |    18 |     1 ||   258
       Passage of Golubr |       |       |       |     5 |    10 |    50 |    63 |    27 |    38 ||   193
       Fireball          |       |       |       |       |    97 |   407 |   545 |   411 |   133 ||  1593
       Summon Hydra      |       |       |       |       |       |    47 |    70 |   112 |   681 ||   910
       Statue Form       |       |       |       |       |       |     5 |     8 |     5 |    47 ||    65
       Storm Form        |       |       |       |       |       |       |     1 |       |     1 ||     2
       Enfeeble          |       |       |       |       |       |       |    28 |    72 |   384 ||   484
       Maxwell's Capacit |       |       |       |       |       |       |       |       |     5 ||     5
       Lehudib's Crystal |       |       |       |       |       |       |       |       |     7 ||     7
Invok: Curse Item        |       |       |     3 |     3 |     1 |     1 |     3 |     1 |     6 ||    18
       Shatter the Chain |       |       |       |     1 |       |     3 |       |     2 |     3 ||     9
 Abil: End Transformatio |       |       |       |       |       |     2 |     2 |     3 |    26 ||    33
Evoke: Wand              |       |       |     3 |       |       |     3 |     2 |     1 |     1 ||    10
       Condenser vane    |       |       |       |       |       |       |       |     1 |       ||     1
  Use: Potion            |       |       |     2 |     2 |       |     6 |       |     2 |    10 ||    22
       Scroll            |       |       |     1 |     3 |     5 |     8 |     2 |     5 |    27 ||    51
 Stab: Sleeping          |       |       |       |     6 |     9 |    16 |    22 |    18 |    64 ||   135
       Invisible         |       |       |       |       |       |     2 |     8 |     3 |   183 ||   196
       Distracted        |       |       |       |       |       |     2 |     7 |       |    41 ||    50
       Paralysed         |       |       |       |       |       |     1 |       |       |       ||     1
Armor: Scale mail        |    34 |    44 |    29 |       |       |       |       |       |       ||   107
       Leather armour    |       |       |    22 |     6 |       |       |       |       |       ||    28
       Troll leather arm |       |       |       |    31 |    99 |    80 |       |       |       ||   210
       Skin              |       |       |       |       |       |    12 |    21 |    11 |   228 ||   272
       Robe              |       |       |       |       |       |       |    26 |    14 |    75 ||   115
       Ice dragon scales |       |       |       |       |       |       |       |       |   129 ||   129
Dodge: Dodged            |    30 |    33 |   118 |   184 |   381 |   383 |   232 |   108 |   817 ||  2286
Block: Buckler           |    20 |    24 |    43 |    59 |   117 |   100 |    56 |    52 |    33 ||   504
       Reflection        |       |       |       |       |       |     2 |    17 |     7 |     2 ||    28
       Tower shield      |       |       |       |       |       |       |       |       |  1619 ||  1619
